Workbook

Sheet REC. & PAY
A1: BOSME FREHO DISTRICT ASSEMBLY-A/R
A2: STATEMENT OF RECEIPTS AND PAYMENT FOR THE MONTH ENDED
A3: ='[1]TRIAL BALANCE'!$F$130 -> AS AT DECEMBER 31, 2 0 1 9
C5: ANNUAL | D5: REVISED | E5: MONTHLY | F5: MONTHLY | G5: VARIANCE | H5: CUM. ACTUAL
C6: BUDGET | D6: BUDGET | E6: BUDGET | F6: ACTUAL | H6: TO DATE
A7: RECEIPTS | B7: NOTES | C7: GH¢ | D7: GH¢ | E7: GH¢ | F7: GH¢ | G7: GH¢ | H7: GH¢
A9: Rates | C9: ='DETAILS CRE.'!C14 -> 34000 | D9: 0 | E9: ='DETAILS CRE.'!D14 -> 2833.3333 | F9: ='DETAILS CRE.'!E14 -> 1285 | G9: =F9-E9 -> -1548.3333 | H9: ='DETAILS CRE.'!G14 -> 24055.13
A10: Grants | C10: ='DETAILS CRE.'!C34 -> 6682897.5 | D10: 0 | E10: ='DETAILS CRE.'!D34 -> 556908.13 | F10: ='DETAILS CRE.'!E34 -> 419367.44 | G10: =F10-E10 -> -137540.69 | H10: ='DETAILS CRE.'!G34+'DETAILS CRE.'!G124 -> 6430754.1
A11: Lands & Concessions | C11: ='DETAILS CRE.'!C47 -> 49200 | D11: 0 | E11: ='DETAILS CRE.'!D47 -> 4100 | F11: ='DETAILS CRE.'!E47 -> 0 | G11: =F11-E11 -> -4100 | H11: ='DETAILS CRE.'!G47 -> 29746.6
A12: Rent | C12: ='DETAILS CRE.'!C57 -> 36000 | D12: 0 | E12: ='DETAILS CRE.'!D57 -> 3000 | F12: ='DETAILS CRE.'!E57 -> 250 | G12: =F12-E12 -> -2750 | H12: ='DETAILS CRE.'!G57 -> 36572.76
A13: Licenses | C13: ='DETAILS CRE.'!C87 -> 61800 | D13: 0 | E13: ='DETAILS CRE.'!D87 -> 5150 | F13: ='DETAILS CRE.'!E87 -> 10331 | G13: =F13-E13 -> 5181 | H13: ='DETAILS CRE.'!G87 -> 67073.46
A14: Fees | C14: ='DETAILS CRE.'!C103 -> 67000 | D14: 0 | E14: ='DETAILS CRE.'!D103 -> 5583.3333 | F14: ='DETAILS CRE.'!E103 -> 969.5 | G14: =F14-E14 -> -4613.8333 | H14: ='DETAILS CRE.'!G103 -> 42739
A15: Fines, Penalties & Forfeits | C15: ='DETAILS CRE.'!C112 -> 9000 | D15: 0 | E15: ='DETAILS CRE.'!D112 -> 750 | F15: ='DETAILS CRE.'!E112 -> 500 | G15: =F15-E15 -> -250 | H15: ='DETAILS CRE.'!G112 -> 3678.33
A16: Miscellaneous | C16: ='DETAILS CRE.'!C119 -> 1000 | D16: 0 | E16: ='DETAILS CRE.'!D119 -> 83.333333 | F16: ='DETAILS CRE.'!E119 -> 2000 | G16: =F16-E16 -> 1916.6667 | H16: ='DETAILS CRE.'!G119 -> 2369.87
A18: TOTAL RECEIPTS | C18: =SUM(C9:C17) -> 6940897.5 | D18: =SUM(D9:D17) -> 0 | E18: =SUM(E9:E17) -> 578408.13 | F18: =SUM(F9:F17) -> 434702.94 | G18: =SUM(G9:G17) -> -143705.19 | H18: =SUM(H9:H17) -> 6636989.3
A20: PAYMENT
A21: Compensation of Employees | C21: ='MAIN SUM. EXP.'!C9 -> 1809326.2 | D21: 0 | E21: ='MAIN SUM. EXP.'!D9 -> 150777.18 | F21: ='MAIN SUM. EXP.'!E9 -> 105052.62 | G21: ='MAIN SUM. EXP.'!F9 -> 45724.562 | H21: ='MAIN SUM. EXP.'!G9 -> 1333369
A22: Goods and Services | C22: ='MAIN SUM. EXP.'!C10 -> 2689612.1 | D22: 0 | E22: ='MAIN SUM. EXP.'!D10 -> 224134.34 | F22: ='MAIN SUM. EXP.'!E10 -> 323622.2 | G22: ='MAIN SUM. EXP.'!F10 -> -99487.86 | H22: ='MAIN SUM. EXP.'!G10 -> 2567452.1
A23: Consumption of Fixed Capital (GFS) | C23: ='MAIN SUM. EXP.'!C12 -> 0 | D23: ='MAIN SUM. EXP.'!D12 -> 0 | E23: ='MAIN SUM. EXP.'!D12 -> 0 | F23: ='MAIN SUM. EXP.'!F12 -> 0 | G23: ='MAIN SUM. EXP.'!G12 -> 0 | H23: ='MAIN SUM. EXP.'!H12 -> 0
A24: Interest (GFS) | C24: ='MAIN SUM. EXP.'!C13 -> 0 | D24: ='MAIN SUM. EXP.'!D13 -> 0 | E24: ='MAIN SUM. EXP.'!D13 -> 0 | F24: ='MAIN SUM. EXP.'!F13 -> 0 | G24: ='MAIN SUM. EXP.'!G13 -> 0 | H24: ='MAIN SUM. EXP.'!H13 -> 0
A25: Goods and Services - Liabilities | H25: ='SUB SUM. EXP.'!G81 -> 201250
A26: Social Benefits (GFS) | C26: ='MAIN SUM. EXP.'!C14 -> 5000 | D26: 0 | E26: ='MAIN SUM. EXP.'!D14 -> 416.66667 | F26: ='MAIN SUM. EXP.'!E14 -> 0 | G26: ='MAIN SUM. EXP.'!F14 -> 416.66667 | H26: ='MAIN SUM. EXP.'!G14 -> 0
A27: Other Expenses | C27: ='MAIN SUM. EXP.'!C15 -> 2000 | D27: 0 | E27: ='MAIN SUM. EXP.'!D15 -> 166.66667 | F27: ='MAIN SUM. EXP.'!E15 -> 0 | G27: ='MAIN SUM. EXP.'!F15 -> 166.66667 | H27: ='MAIN SUM. EXP.'!G15 -> 1133.02
A28: Fixed Assets (Non-Financial) | C28: ='MAIN SUM. EXP.'!C16 -> 1808014.9 | D28: 0 | E28: ='MAIN SUM. EXP.'!D16 -> 150667.91 | F28: ='MAIN SUM. EXP.'!E16 -> 7820 | G28: ='MAIN SUM. EXP.'!F16 -> 142847.91 | H28: ='MAIN SUM. EXP.'!G16 -> 1202248.5
A29: Work-In-Progress | C29: ='MAIN SUM. EXP.'!C17 -> 626944.34 | D29: 0 | E29: ='MAIN SUM. EXP.'!D17 -> 52245.362 | F29: ='MAIN SUM. EXP.'!E17 -> 220532.69 | G29: ='MAIN SUM. EXP.'!F17 -> -168287.33 | H29: ='MAIN SUM. EXP.'!G17 -> 712054.5
A31: TOTAL PAYMENTS | C31: =SUM(C21:C30) -> 6940897.5 | D31: =SUM(D21:D30) -> 0 | E31: =SUM(E21:E29) -> 578408.13 | F31: =SUM(F21:F29) -> 657027.51 | G31: =SUM(G21:G29) -> -78619.384 | H31: =SUM(H21:H29) -> 6017507.1
A33: Net Receipts (Payment) | C33: =C18-C31 -> 0 | D33: =D18-D31 -> 0 | E33: =E18-E31 -> 0 | F33: =F18-F31 -> -222324.57 | G33: =G18-G31 -> -65085.802 | H33: =H18-H31 -> 619482.17
A34: Cash and Bank Balance as at_(Opening) | F34: =SCHEDULES!D13 -> 869262.58
A35: Cash and Bank Balance as at_(Closing) | F35: =F33+F34 -> 646938.01
F39: =SCHEDULES!D32 -> 663550.37
A41: DFF

Sheet SCHEDULES
A1: BOSOME FREHO DISTRICT ASSEMBLY, ASIWA-ASHANTI REGION
A2: SCHEDULES
A3: ='[1]TRIAL BALANCE'!$C$130 -> 43830
A5: SCHEDULE A | D5: AMOUNT GH¢
A6: Intrastructure Plants & Equipment | D6: 0
A7: Work in Progress | D7: 0
A8: Poverty Alleviation Fund | D8: 0
A9: Investment | D9: 0
A11: SCHEDULE B
A12: Analysis Of cash in Hand | D12: 0
A13: Bank Balance (Beginning) | D13: 869262.58
A15: SCHEDULE C
A16: Bosome District Assembly (IGF) - ASIWA | D16: 5008.73
A17: Bosome District Assembly (IGF) - GCB | D17: 23888.57
A18: Bosome Freho Assembly MSHAP | D18: 2104.39
A19: Bosome Freho Disability A/C | D19: 51444.14
A20: Bosome Freho MP's Common Fund | D20: 10427.57
A21: Bosome Freho Water & Sanitation | D21: 0
A22: Bosome Freho DACF A/C | D22: 159022.74
A23: Bosome Freho (GSOP) | D23: 0
A24: SUB - CF BANK OF GHANA
A25: District Development Fund (DDF) | D25: 392978.01
A26: MAG | D26: 18583.16
A27: GOG | D27: 93.06
A28: UNFPA | D28: 0
A30: Total Bank Balance | D30: =SUM(D16:D28) -> 663550.37
A32: Total Cash & Bank Balance (Closing Balance) | D32: =D30+D12 -> 663550.37
A34: SCHEDULE D
A35: stock
A36: Debtors
A37: General Advance
A39: SCHEDULE E
A40: Imprest
A42: SCHEDULE F
A43: Retention | D43: 0
A44: Creditors
A45: General Deposit
A47: SCHEDULE G
A48: Income Tax

Sheet REV. & EXP.
A1: BOSME FREHO DISTRICT ASSEMBLY-A/R
A2: STATEMENT OF REVENUE AND EXPENDITURE FOR THE MONTH ENDED
A3: ='[1]TRIAL BALANCE'!$C$130 -> 43830
C5: ANNUAL | D5: REVISED | E5: MONTHLY | F5: MONTHLY | G5: VARIANCE | H5: CUM. ACTUAL
C6: BUDGET | D6: BUDGET | E6: BUDGET | F6: ACTUAL | H6: TO DATE
A7: REVENUE | B7: NOTES | C7: GH¢ | D7: GH¢ | E7: GH¢ | F7: GH¢ | G7: GH¢ | H7: GH¢
A9: Rates | C9: ='REC. & PAY'!C9 -> 34000 | D9: ='REC. & PAY'!D9 -> 0 | E9: ='REC. & PAY'!E9 -> 2833.3333 | F9: ='REC. & PAY'!F9 -> 1285 | G9: ='REC. & PAY'!G9 -> -1548.3333 | H9: ='REC. & PAY'!H9 -> 24055.13
A10: Grants | C10: ='REC. & PAY'!C10 -> 6682897.5 | D10: ='REC. & PAY'!D10 -> 0 | E10: ='REC. & PAY'!E10 -> 556908.13 | F10: ='REC. & PAY'!F10 -> 419367.44 | G10: ='REC. & PAY'!G10 -> -137540.69 | H10: ='REC. & PAY'!H10 -> 6430754.1
A11: Lands & Concessions | C11: ='REC. & PAY'!C11 -> 49200 | D11: ='REC. & PAY'!D11 -> 0 | E11: ='REC. & PAY'!E11 -> 4100 | F11: ='REC. & PAY'!F11 -> 0 | G11: ='REC. & PAY'!G11 -> -4100 | H11: ='REC. & PAY'!H11 -> 29746.6
A12: Rent | C12: ='REC. & PAY'!C12 -> 36000 | D12: ='REC. & PAY'!D12 -> 0 | E12: ='REC. & PAY'!E12 -> 3000 | F12: ='REC. & PAY'!F12 -> 250 | G12: ='REC. & PAY'!G12 -> -2750 | H12: ='REC. & PAY'!H12 -> 36572.76
A13: Licenses | C13: ='REC. & PAY'!C13 -> 61800 | D13: ='REC. & PAY'!D13 -> 0 | E13: ='REC. & PAY'!E13 -> 5150 | F13: ='REC. & PAY'!F13 -> 10331 | G13: ='REC. & PAY'!G13 -> 5181 | H13: ='REC. & PAY'!H13 -> 67073.46
A14: Fees | C14: ='REC. & PAY'!C14 -> 67000 | D14: ='REC. & PAY'!D14 -> 0 | E14: ='REC. & PAY'!E14 -> 5583.3333 | F14: ='REC. & PAY'!F14 -> 969.5 | G14: ='REC. & PAY'!G14 -> -4613.8333 | H14: ='REC. & PAY'!H14 -> 42739
A15: Fines, Penalties & Forfeits | C15: ='REC. & PAY'!C15 -> 9000 | D15: ='REC. & PAY'!D15 -> 0 | E15: ='REC. & PAY'!E15 -> 750 | F15: ='REC. & PAY'!F15 -> 500 | G15: ='REC. & PAY'!G15 -> -250 | H15: ='REC. & PAY'!H15 -> 3678.33
A16: Miscellaneous | C16: ='REC. & PAY'!C16 -> 1000 | D16: ='REC. & PAY'!D16 -> 0 | E16: ='REC. & PAY'!E16 -> 83.333333 | F16: ='REC. & PAY'!F16 -> 2000 | G16: ='REC. & PAY'!G16 -> 1916.6667 | H16: ='REC. & PAY'!H16 -> 2369.87
A18: TOTAL REVENUE | C18: =SUM(C9:C16) -> 6940897.5 | D18: =SUM(D9:D16) -> 0 | E18: =SUM(E9:E16) -> 578408.13 | F18: =SUM(F9:F16) -> 434702.94 | G18: =SUM(G9:G16) -> -143705.19 | H18: =SUM(H9:H16) -> 6636989.3
A20: EXPENDITURE
A21: Compensation of Employees | C21: ='MAIN SUM. EXP.'!C9 -> 1809326.2 | D21: 0 | E21: ='MAIN SUM. EXP.'!D9 -> 150777.18 | F21: ='MAIN SUM. EXP.'!E9 -> 105052.62 | G21: ='MAIN SUM. EXP.'!F9 -> 45724.562 | H21: ='MAIN SUM. EXP.'!G9 -> 1333369
A22: Goods and Services | C22: ='MAIN SUM. EXP.'!C10 -> 2689612.1 | D22: 0 | E22: ='MAIN SUM. EXP.'!D10 -> 224134.34 | F22: ='MAIN SUM. EXP.'!E10 -> 323622.2 | G22: ='MAIN SUM. EXP.'!F10 -> -99487.86 | H22: ='MAIN SUM. EXP.'!G10 -> 2567452.1
A23: Consumption of Fixed Capital (GFS) | C23: ='MAIN SUM. EXP.'!C12 -> 0 | D23: ='MAIN SUM. EXP.'!D12 -> 0 | E23: ='MAIN SUM. EXP.'!D12 -> 0 | F23: ='MAIN SUM. EXP.'!F12 -> 0 | G23: ='MAIN SUM. EXP.'!G12 -> 0 | H23: ='MAIN SUM. EXP.'!H12 -> 0
A24: Interest (GFS) | C24: ='MAIN SUM. EXP.'!C13 -> 0 | D24: ='MAIN SUM. EXP.'!D13 -> 0 | E24: ='MAIN SUM. EXP.'!D13 -> 0 | F24: ='MAIN SUM. EXP.'!F13 -> 0 | G24: ='MAIN SUM. EXP.'!G13 -> 0 | H24: ='MAIN SUM. EXP.'!H13 -> 0
A25: Goods and Services - Liabilities | H25: ='SUB SUM. EXP.'!G81 -> 201250
A26: Social Benefits (GFS) | C26: ='MAIN SUM. EXP.'!C14 -> 5000 | D26: 0 | E26: ='MAIN SUM. EXP.'!D14 -> 416.66667 | F26: ='MAIN SUM. EXP.'!E14 -> 0 | G26: ='MAIN SUM. EXP.'!F14 -> 416.66667 | H26: ='MAIN SUM. EXP.'!G14 -> 0
A27: Other Expenses | C27: ='MAIN SUM. EXP.'!C15 -> 2000 | D27: 0 | E27: ='MAIN SUM. EXP.'!D15 -> 166.66667 | F27: ='MAIN SUM. EXP.'!E15 -> 0 | G27: ='MAIN SUM. EXP.'!F15 -> 166.66667 | H27: ='MAIN SUM. EXP.'!G15 -> 1133.02
A28: Fixed Assets (Non-Financial) | C28: ='MAIN SUM. EXP.'!C16 -> 1808014.9 | D28: 0 | E28: ='MAIN SUM. EXP.'!D16 -> 150667.91 | F28: ='MAIN SUM. EXP.'!E16 -> 7820 | G28: ='MAIN SUM. EXP.'!F16 -> 142847.91 | H28: ='MAIN SUM. EXP.'!G16 -> 1202248.5
A29: Work-In-Progress | C29: ='MAIN SUM. EXP.'!C17 -> 626944.34 | D29: 0 | E29: ='MAIN SUM. EXP.'!D17 -> 52245.362 | F29: ='MAIN SUM. EXP.'!E17 -> 220532.69 | G29: ='MAIN SUM. EXP.'!F17 -> -168287.33 | H29: ='MAIN SUM. EXP.'!G17 -> 712054.5
A31: TOTAL EXPENDITURE | C31: =SUM(C21:C30) -> 6940897.5 | D31: =SUM(D21:D30) -> 0 | E31: =SUM(E21:E30) -> 578408.13 | F31: =SUM(F21:F30) -> 657027.51 | G31: =SUM(G21:G30) -> -78619.384 | H31: =SUM(H21:H30) -> 6017507.1
A33: SURPLUSES / DEFICITS | C33: =C18-C31 -> 0 | D33: =D18-D31 -> 0 | E33: =E18-E31 -> 0 | F33: =F18-F31 -> -222324.57 | G33: =G18-G31 -> -65085.802 | H33: =H18-H31 -> 619482.17

Sheet MAIN SUM CRED
A1: BOSME FREHO DISTRICT ASSEMBLY, ASIWA-ASHANTI
A2: TRIAL BALANCE MAIN SUMMARY - CREDIT
A3: ='[1]TRIAL BALANCE'!$F$130 -> AS AT DECEMBER 31, 2 0 1 9
B5: MAIN HEADS | C5: ANNUAL BUDGET | D5: MONTHLY BUDGET | E5: MONTHLY | F5: MONTHLY | G5: ACCUMMULATED
C6: (GH¢) | D6: (GH¢) | E6: ACTUAL (GH¢) | F6: VARIANCE (GH¢) | G6: TOTAL (GH¢)
A7: CODE | B7: REVENUE
A9: 1100000 | B9: Taxes | C9: ='DETAILS CRE.'!C16 -> 34000 | D9: ='DETAILS CRE.'!D16 -> 2833.3333 | E9: ='DETAILS CRE.'!E16 -> 1285 | F9: ='DETAILS CRE.'!F16 -> -1548.3333 | G9: ='DETAILS CRE.'!G16 -> 24055.13
A10: 1300000 | B10: Donor Grants & Reliefs | C10: ='DETAILS CRE.'!C36 -> 6682897.5 | D10: ='DETAILS CRE.'!D36 -> 556908.13 | E10: ='DETAILS CRE.'!E36 -> 419367.44 | F10: ='DETAILS CRE.'!F36 -> -137540.69 | G10: ='DETAILS CRE.'!G36+'DETAILS CRE.'!G124 -> 6430754.1
A11: 1400000 | B11: Other Revenue | C11: ='DETAILS CRE.'!C122 -> 224000 | D11: ='DETAILS CRE.'!D122 -> 18666.667 | E11: ='DETAILS CRE.'!E122 -> 14050.5 | F11: ='DETAILS CRE.'!F122 -> -4616.1667 | G11: ='DETAILS CRE.'!G122 -> 182180.02
B13: GRAND TOTAL | C13: =SUM(C9:C11) -> 6940897.5 | D13: =SUM(D9:D11) -> 578408.13 | E13: =SUM(E9:E11) -> 434702.94 | F13: =SUM(F9:F11) -> -143705.19 | G13: =SUM(G9:G11) -> 6636989.3

Sheet SUB SUM CRE.
A1: BOSME FREHO DISTRICT ASSEMBLY, ASIWA-ASHANTI
A2: TRIAL BALANCE SUB - SUMMARY - CREDIT
A3: ='[1]TRIAL BALANCE'!$F$130 -> AS AT DECEMBER 31, 2 0 1 9
B5: MAIN HEAD: 1100000 TAXES
A7: CODE | B7: SUB-HEAD | C7: ANNUAL | D7: MONTHLY | E7: MONTHLY | F7: MONTHLY | G7: ACCUMMULATED
C8: ESTIMATE GH¢ | D8: BUDGET GH¢ | E8: ACTUAL GH¢ | F8: VARIAMCE GH¢ | G8: TOTAL GH¢
A10: 2-1131000 | B10: Rates | C10: ='DETAILS CRE.'!C14 -> 34000 | D10: ='DETAILS CRE.'!D14 -> 2833.3333 | E10: ='DETAILS CRE.'!E14 -> 1285 | F10: ='DETAILS CRE.'!F14 -> -1548.3333 | G10: ='DETAILS CRE.'!G14 -> 24055.13
B12: SUBTOTAL | C12: =C10 -> 34000 | D12: =D10 -> 2833.3333 | E12: =E10 -> 1285 | F12: =F10 -> -1548.3333 | G12: =G10 -> 24055.13
B14: MAIN HEAD: 1300000 Donor Grants & Reliefs
A15: CODE | B15: SUB-HEAD | C15: ANNUAL | D15: MONTHLY | E15: MONTHLY | F15: MONTHLY | G15: ACCUMMULATED
C16: ESTIMATE GH¢ | D16: BUDGET GH¢ | E16: ACTUAL GH¢ | F16: VARIANCE GH¢ | G16: TOTAL GH¢
A17: 7-1331000 | B17: Grants-Districts | C17: ='DETAILS CRE.'!C34 -> 6682897.5 | D17: =C17/12 -> 556908.13 | E17: ='DETAILS CRE.'!E34 -> 419367.44 | F17: =E17-D17 -> -137540.69 | G17: ='DETAILS CRE.'!G34+'DETAILS CRE.'!G124 -> 6430754.1
B19: SUBTOTAL | C19: =C17 -> 6682897.5 | D19: =D17 -> 556908.13 | E19: =E17 -> 419367.44 | F19: =F17 -> -137540.69 | G19: =G17 -> 6430754.1
B21: MAIN HEAD: 1400000 Other Revenue
A22: CODE | B22: SUB-HEAD | C22: ANNUAL | D22: MONTHLY | E22: MONTHLY | F22: MONTHLY | G22: ACCUMMULATED
C23: ESTIMATE GH¢ | D23: BUDGET GH¢ | E23: ACTUAL GH¢ | F23: VARIAMCE GH¢ | G23: TOTAL GH¢
A24: 3-1412000 | B24: Lands & Concession | C24: ='DETAILS CRE.'!C47 -> 49200 | D24: ='DETAILS CRE.'!D47 -> 4100 | E24: ='DETAILS CRE.'!E47 -> 0 | F24: ='DETAILS CRE.'!F47 -> -4100 | G24: ='DETAILS CRE.'!G47 -> 29746.6
A25: 6-1415000 | B25: Rent of Land, Buildings & Houses | C25: ='DETAILS CRE.'!C57 -> 36000 | D25: ='DETAILS CRE.'!D57 -> 3000 | E25: ='DETAILS CRE.'!E57 -> 250 | F25: ='DETAILS CRE.'!F57 -> -2750 | G25: ='DETAILS CRE.'!G57 -> 36572.76
A26: 5-1422000 | B26: Licences | C26: ='DETAILS CRE.'!C87 -> 61800 | D26: ='DETAILS CRE.'!D87 -> 5150 | E26: ='DETAILS CRE.'!E87 -> 10331 | F26: ='DETAILS CRE.'!F87 -> 5181 | G26: ='DETAILS CRE.'!G87 -> 67073.46
A27: 4-1423000 | B27: Fees | C27: ='DETAILS CRE.'!C103 -> 67000 | D27: ='DETAILS CRE.'!D103 -> 5583.3333 | E27: ='DETAILS CRE.'!E103 -> 969.5 | F27: ='DETAILS CRE.'!F103 -> -4613.8333 | G27: ='DETAILS CRE.'!G103 -> 42739
A28: 4-1430000 | B28: Fines, Penalties & Forfeits | C28: ='DETAILS CRE.'!C112 -> 9000 | D28: ='DETAILS CRE.'!D112 -> 750 | E28: ='DETAILS CRE.'!E112 -> 500 | F28: ='DETAILS CRE.'!F112 -> -250 | G28: ='DETAILS CRE.'!G112 -> 3678.33
A29: 9-1450000 | B29: Miscellaneous & Unidentified Receipts | C29: ='DETAILS CRE.'!C119 -> 1000 | D29: ='DETAILS CRE.'!D119 -> 83.333333 | E29: ='DETAILS CRE.'!E119 -> 2000 | F29: ='DETAILS CRE.'!F119 -> 1916.6667 | G29: ='DETAILS CRE.'!G119 -> 2369.87
B31: SUBTOTAL | C31: =SUM(C24:C30) -> 224000 | D31: =SUM(D24:D30) -> 18666.667 | E31: =SUM(E24:E30) -> 14050.5 | F31: =SUM(F24:F30) -> -4616.1667 | G31: =SUM(G24:G30) -> 182180.02
B33: GRAND TOTAL | C33: =C12+C19+C31 -> 6940897.5 | D33: =D12+D19+D31 -> 578408.13 | E33: =E12+E19+E31 -> 434702.94 | F33: =F12+F19+F31 -> -143705.19 | G33: =G12+G19+G31 -> 6636989.3

Sheet DETAILS CRE.
A1: BOSME FREHO DISTRICT ASSEMBLY, ASIWA-ASHANTI
A2: TRIAL BALANCE - CREDIT
A3: ='[1]TRIAL BALANCE'!$F$130 -> AS AT DECEMBER 31, 2 0 1 9
B5: MAIN HEAD: 1100000 TAXES
A7: CODE | B7: SUB-HEAD | C7: ANNUAL | D7: MONTHLY | E7: MONTHLY | F7: MONTHLY | G7: ACCUMMULATED
C8: ESTIMATES | D8: BUDGET | E8: ACTUAL | F8: VARIANCE | G8: TOTAL
B10: PROPERTY INCOME
A11: 1412022 | B11: Property Rate | C11: 5000 | D11: =C11/12 -> 416.66667 | E11: ='[1]TRIAL BALANCE'!$F$8 -> 1285 | F11: =E11-D11 -> 868.33333 | G11: ='[1]TRIAL BALANCE'!$F$8+'[1]TRIAL BALANCE'!$G$8 -> 23340.13
A12: 1412023 | B12: Basic Rate | C12: 29000 | D12: =C12/12 -> 2416.6667 | E12: ='[1]TRIAL BALANCE'!$F$9 -> 0 | F12: =E12-D12 -> -2416.6667 | G12: ='[1]TRIAL BALANCE'!$F$9+'[1]TRIAL BALANCE'!$G$9 -> 715
B14: Sub Sub Total | C14: =SUM(C11:C13) -> 34000 | D14: =SUM(D11:D13) -> 2833.3333 | E14: =SUM(E11:E13) -> 1285 | F14: =SUM(F11:F13) -> -1548.3333 | G14: =SUM(G11:G13) -> 24055.13
B16: Sub Total | C16: =C14 -> 34000 | D16: =D14 -> 2833.3333 | E16: =E14 -> 1285 | F16: =F14 -> -1548.3333 | G16: =G14 -> 24055.13
B18: MAIN HEAD: 1300000 DONOR GRANTS & RELIEFS
A19: CODE | B19: SUB HEAD | C19: ANNUAL | D19: MONTHLY | E19: MONTHLY | F19: MONTHLY | G19: ACCUMMULATED
C20: ESTIMATES | D20: BUDGET | E20: ACTUAL | F20: VARIANCE | G20: TOTAL
A21: 7-1331000 | B21: Grants-Ditrict
A22: 1331001 | B22: Central Government-GOG Paid Sal | C22: 1678889.9 | D22: =C22/12 -> 139907.49 | E22: ='[1]TRIAL BALANCE'!$F$16 -> 102493.1 | F22: =E22-D22 -> -37414.392 | G22: ='[1]TRIAL BALANCE'!$F$16+'[1]TRIAL BALANCE'!$G$16 -> 1284224.2
A23: 1331002 | B23: DACF - Assembly | C23: =3328487.48+500000 -> 3828487.5 | D23: =C23/12 -> 319040.62 | E23: ='[1]TRIAL BALANCE'!$F$17 -> 309033.89 | F23: =E23-D23 -> -10006.733 | G23: ='[1]TRIAL BALANCE'!$F$17+'[1]TRIAL BALANCE'!$G$17 -> 3278254.8
A24: 1331003 | B24: DACF - MP | C24: 400000 | D24: =C24/12 -> 33333.333 | E24: ='[1]TRIAL BALANCE'!$F$18 -> 0 | F24: =E24-D24 -> -33333.333 | G24: ='[1]TRIAL BALANCE'!$F$18+'[1]TRIAL BALANCE'!$G$18 -> 344103.6
A25: 1331002 | B25: PWD | D25: =C25/12 -> 0 | E25: ='[1]TRIAL BALANCE'!$F$19 -> 0 | F25: =E25-D25 -> 0 | G25: ='[1]TRIAL BALANCE'!$F$19+'[1]TRIAL BALANCE'!$G$19 -> 146704.65
A26: 1331008 | B26: Other Donor Support Transfers | C26: 142887.68 | D26: =C26/12 -> 11907.307 | E26: ='[1]TRIAL BALANCE'!$F$20 -> 1975.37 | F26: =E26-D26 -> -9931.9367 | G26: ='[1]TRIAL BALANCE'!$F$20+'[1]TRIAL BALANCE'!$G$20 -> 160455.88
A27: 1331009 | B27: Goods and Services (Decent. Depts.-SWCD) | C27: 12519.45 | D27: =C27/12 -> 1043.2875 | E27: ='[1]TRIAL BALANCE'!$F$21 -> 0 | F27: =E27-D27 -> -1043.2875 | G27: ='[1]TRIAL BALANCE'!$F$21+'[1]TRIAL BALANCE'!$G$21 -> 1820.03
A28: 1331009 | B28: Goods and Services (Decent. Depts.-Feeder Roads | C28: 15000 | D28: =C28/12 -> 1250 | E28: ='[1]TRIAL BALANCE'!$F$22 -> 0 | F28: =E28-D28 -> -1250 | G28: ='[1]TRIAL BALANCE'!$F$22+'[1]TRIAL BALANCE'!$G$22 -> 2180.64
A29: 1331009 | B29: Goods and Services (Decent. Depts.-Agric) | C29: 38216.7 | D29: =C29/12 -> 3184.725 | E29: ='[1]TRIAL BALANCE'!$F$23 -> 0 | F29: =E29-D29 -> -3184.725 | G29: ='[1]TRIAL BALANCE'!$F$23+'[1]TRIAL BALANCE'!$G$23 -> 6812.62
A30: 1331009 | B30: Goods and Services (Decent. Physical Plan.) | C30: 10896.29 | D30: =C30/12 -> 908.02417 | E30: ='[1]TRIAL BALANCE'!$F$24 -> 0 | F30: =E30-D30 -> -908.02417 | G30: ='[1]TRIAL BALANCE'!$F$24+'[1]TRIAL BALANCE'!$G$24 -> 1584.06
A31: 1331010 | B31: DDF - Capacity Building Grant | C31: 56000 | D31: =C31/12 -> 4666.6667 | E31: ='[1]TRIAL BALANCE'!$F$25 -> 0 | F31: =E31-D31 -> -4666.6667 | G31: ='[1]TRIAL BALANCE'!$F$25+'[1]TRIAL BALANCE'!$G$25 -> 0
A32: 1331011 | B32: District Development Facilty | C32: 500000 | D32: =C32/12 -> 41666.667 | E32: ='[1]TRIAL BALANCE'!$F$26 -> 5865.08 | F32: =E32-D32 -> -35801.587 | G32: ='[1]TRIAL BALANCE'!$F$26+'[1]TRIAL BALANCE'!$G$26 -> 1003363.7
B34: Sub Sub Total | C34: =SUM(C22:C32) -> 6682897.5 | D34: =SUM(D22:D32) -> 556908.13 | E34: =SUM(E22:E32) -> 419367.44 | F34: =SUM(F22:F32) -> -137540.69 | G34: =SUM(G22:G32) -> 6229504.1
B36: Sub Total | C36: =C34 -> 6682897.5 | D36: =D34 -> 556908.13 | E36: =E34 -> 419367.44 | F36: =F34 -> -137540.69 | G36: =G34 -> 6229504.1
B37: MAIN HEAD: 1400000 OTHER REVENUE
A38: CODE | B38: SUB HEAD | C38: ANNUAL | D38: MONTHLY | E38: MONTHLY | F38: MONTHLY | G38: ACCUMMULATED
C39: ESTIMATES | D39: BUDGET | E39: ACTUAL | F39: VARIANCE | G39: TOTAL
A40: 3-1412000 | B40: Lands and Concessions
A41: 1412003 | B41: Stool Land Revenue | C41: 20000 | D41: =C41/12 -> 1666.6667 | E41: ='[1]TRIAL BALANCE'!$F$33 -> 0 | F41: =E41-D41 -> -1666.6667 | G41: ='[1]TRIAL BALANCE'!$F$33+'[1]TRIAL BALANCE'!$G$33 -> 10000
A42: 1415001 | B42: Concession Rent | C42: 10000 | D42: =C42/12 -> 833.33333 | E42: ='[1]TRIAL BALANCE'!$F$34 -> 0 | F42: =E42-D42 -> -833.33333 | G42: ='[1]TRIAL BALANCE'!$F$34+'[1]TRIAL BALANCE'!$G$34 -> 0
A43: 1422154 | B43: Sale of Building Permit Jacket | C43: 3000 | D43: =C43/12 -> 250 | E43: ='[1]TRIAL BALANCE'!$F$35 -> 0 | F43: =E43-D43 -> -250 | G43: ='[1]TRIAL BALANCE'!$F$35+'[1]TRIAL BALANCE'!$G$35 -> 250
A44: 1422157 | B44: Building Plans/Permit | C44: 7000 | D44: =C44/12 -> 583.33333 | E44: ='[1]TRIAL BALANCE'!$F$36 -> 0 | F44: =E44-D44 -> -583.33333 | G44: ='[1]TRIAL BALANCE'!$F$36+'[1]TRIAL BALANCE'!$G$36 -> 8450
A45: 1422159 | B45: Community Mast Permit | C45: 9200 | D45: =C45/12 -> 766.66667 | E45: ='[1]TRIAL BALANCE'!$F$37 -> 0 | F45: =E45-D45 -> -766.66667 | G45: ='[1]TRIAL BALANCE'!$F$37+'[1]TRIAL BALANCE'!$G$37 -> 11046.6
B47: Sub Sub Total | C47: =SUM(C41:C45) -> 49200 | D47: =SUM(D41:D46) -> 4100 | E47: =SUM(E41:E46) -> 0 | F47: =SUM(F41:F46) -> -4100 | G47: =SUM(G41:G46) -> 29746.6
A49: CODE | B49: SUB HEAD | C49: ANNUAL | D49: MONTHLY | E49: MONTHLY | F49: MONTHLY | G49: ACCUMMULATED
C50: ESTIMATES | D50: BUDGET | E50: ACTUAL | F50: VARIANCE | G50: TOTAL
A51: 4-1415000 | B51: Rent of Land, Building and Houses
A52: 1415002 | B52: Ground Rent | C52: 1000 | D52: =C52/12 -> 83.333333 | E52: ='[1]TRIAL BALANCE'!$F$42 -> 0 | F52: =E52-D52 -> -83.333333 | G52: ='[1]TRIAL BALANCE'!$F$42+'[1]TRIAL BALANCE'!$G$42 -> 20
A53: 1415011 | B53: Other Investment Income / MP-SIF | C53: 20000 | D53: =C53/12 -> 1666.6667 | E53: ='[1]TRIAL BALANCE'!$F$43 -> 0 | F53: =E53-D53 -> -1666.6667 | G53: ='[1]TRIAL BALANCE'!$F$43+'[1]TRIAL BALANCE'!$G$43 -> 24468.92
A54: 1415038 | B54: Rent (Market Store) | C54: 9000 | D54: =C54/12 -> 750 | E54: ='[1]TRIAL BALANCE'!$F$44 -> 0 | F54: =E54-D54 -> -750 | G54: ='[1]TRIAL BALANCE'!$F$44+'[1]TRIAL BALANCE'!$G$44 -> 11193.84
A55: 1415038 | B55: Rental of Facilities | C55: 6000 | D55: =C55/12 -> 500 | E55: ='[1]TRIAL BALANCE'!$F$45 -> 250 | F55: =E55-D55 -> -250 | G55: ='[1]TRIAL BALANCE'!$F$45+'[1]TRIAL BALANCE'!$G$45 -> 890
B57: Sub Total | C57: =SUM(C52:C55) -> 36000 | D57: =SUM(D52:D55) -> 3000 | E57: =SUM(E52:E55) -> 250 | F57: =SUM(F52:F55) -> -2750 | G57: =SUM(G52:G55) -> 36572.76
A59: CODE | B59: SUB HEAD | C59: ANNUAL | D59: MONTHLY | E59: MONTHLY | F59: MONTHLY | G59: ACCUMMULATED
C60: ESTIMATES | D60: BUDGET | E60: ACTUAL | F60: VARIANCE | G60: TOTAL
A61: 5-1422000 | B61: Licences
A62: 1422001 | B62: Pito/Palm Wine Sellers Tapers | C62: 500 | D62: =C62/12 -> 41.666667 | E62: ='[1]TRIAL BALANCE'!$F$50 -> 0 | F62: =E62-D62 -> -41.666667 | G62: ='[1]TRIAL BALANCE'!$F$50+'[1]TRIAL BALANCE'!$G$50 -> 300
A63: 1422005 | B63: Chop Bar license | C63: 2000 | D63: =C63/12 -> 166.66667 | E63: ='[1]TRIAL BALANCE'!$F$51 -> 9050 | F63: =E63-D63 -> 8883.3333 | G63: ='[1]TRIAL BALANCE'!$F$51+'[1]TRIAL BALANCE'!$G$51 -> 30180
A64: 1422007 | B64: Liquor Licences | C64: 3000 | D64: =C64/12 -> 250 | E64: ='[1]TRIAL BALANCE'!$F$52 -> 120 | F64: =E64-D64 -> -130 | G64: ='[1]TRIAL BALANCE'!$F$52+'[1]TRIAL BALANCE'!$G$52 -> 1851
A65: 1422012 | B65: Kiosk / Stores | C65: 2500 | D65: =C65/12 -> 208.33333 | E65: ='[1]TRIAL BALANCE'!$F$53 -> 360 | F65: =E65-D65 -> 151.66667 | G65: ='[1]TRIAL BALANCE'!$F$53+'[1]TRIAL BALANCE'!$G$53 -> 8903
A66: 1422011 | B66: Artisan / Self Employed | C66: 1500 | D66: =C66/12 -> 125 | E66: ='[1]TRIAL BALANCE'!$F$54 -> 200 | F66: =E66-D66 -> 75 | G66: ='[1]TRIAL BALANCE'!$F$54+'[1]TRIAL BALANCE'!$G$54 -> 2493
A67: 1422015 | B67: Fuel Dealers | C67: 2000 | D67: =C67/12 -> 166.66667 | E67: ='[1]TRIAL BALANCE'!$F$55 -> 0 | F67: =E67-D67 -> -166.66667 | G67: ='[1]TRIAL BALANCE'!$F$55+'[1]TRIAL BALANCE'!$G$55 -> 120
A68: 1422017 | B68: Hotel/Night Club | C68: 1500 | D68: =C68/12 -> 125 | E68: ='[1]TRIAL BALANCE'!$F$56 -> 0 | F68: =E68-D68 -> -125 | G68: ='[1]TRIAL BALANCE'!$F$56+'[1]TRIAL BALANCE'!$G$56 -> 600
A69: 1422018 | B69: Pharmacists / Chemical Sellers | C69: 1000 | D69: =C69/12 -> 83.333333 | E69: ='[1]TRIAL BALANCE'!$F$57 -> 0 | F69: =E69-D69 -> -83.333333 | G69: ='[1]TRIAL BALANCE'!$F$57+'[1]TRIAL BALANCE'!$G$57 -> 10
A70: 1422019 | B70: Saw Millers | C70: 600 | D70: =C70/12 -> 50 | E70: ='[1]TRIAL BALANCE'!$F$58 -> 0 | F70: =E70-D70 -> -50 | G70: ='[1]TRIAL BALANCE'!$F$58+'[1]TRIAL BALANCE'!$G$58 -> 550
A71: 1422020 | B71: Taxi Cab / Commercial Vehicles | C71: 500 | D71: =C71/12 -> 41.666667 | E71: ='[1]TRIAL BALANCE'!$F$59 -> 0 | F71: =E71-D71 -> -41.666667 | G71: ='[1]TRIAL BALANCE'!$F$59+'[1]TRIAL BALANCE'!$G$59 -> 140
A72: 1422021 | B72: Operational Fees | C72: 4500 | D72: =C72/12 -> 375 | E72: ='[1]TRIAL BALANCE'!$F$60 -> 601 | F72: =E72-D72 -> 226 | G72: ='[1]TRIAL BALANCE'!$F$60+'[1]TRIAL BALANCE'!$G$60 -> 9776.46
A73: 1422023 | B73: Communication Centre/Mobile Money | C73: 500 | D73: =C73/12 -> 41.666667 | E73: ='[1]TRIAL BALANCE'!$F$61 -> 0 | F73: =E73-D73 -> -41.666667 | G73: ='[1]TRIAL BALANCE'!$F$61+'[1]TRIAL BALANCE'!$G$61 -> 1000
A74: 1422024 | B74: Private Education Int. | C74: 200 | D74: =C74/12 -> 16.666667 | E74: ='[1]TRIAL BALANCE'!$F$62 -> 0 | F74: =E74-D74 -> -16.666667 | G74: ='[1]TRIAL BALANCE'!$F$62+'[1]TRIAL BALANCE'!$G$62 -> 0
A75: 1422030 | B75: Entertainment Centre | C75: 2000 | D75: =C75/12 -> 166.66667 | E75: ='[1]TRIAL BALANCE'!$F$63 -> 0 | F75: =E75-D75 -> -166.66667 | G75: ='[1]TRIAL BALANCE'!$F$63+'[1]TRIAL BALANCE'!$G$63 -> 520
A76: 1422040 | B76: Bill Boards | C76: 1000 | D76: =C76/12 -> 83.333333 | E76: ='[1]TRIAL BALANCE'!$F$64 -> 0 | F76: =E76-D76 -> -83.333333 | G76: ='[1]TRIAL BALANCE'!$F$64+'[1]TRIAL BALANCE'!$G$64 -> 150
A77: 1422044 | B77: Financial Institutions | C77: 6300 | D77: =C77/12 -> 525 | E77: ='[1]TRIAL BALANCE'!$F$65 -> 0 | F77: =E77-D77 -> -525 | G77: ='[1]TRIAL BALANCE'!$F$65+'[1]TRIAL BALANCE'!$G$65 -> 5900
A78: 1422047 | B78: Photographers and Video Operators | C78: 200 | D78: =C78/12 -> 16.666667 | E78: ='[2]TRIAL BALANCE'!$F$66 -> 0 | F78: =E78-D78 -> -16.666667 | G78: ='[1]TRIAL BALANCE'!$F$66+'[1]TRIAL BALANCE'!$G$66 -> 180
A79: 1422051 | B79: Millers | C79: 10000 | D79: =C79/12 -> 833.33333 | E79: ='[2]TRIAL BALANCE'!$F$67 -> 0 | F79: =E79-D79 -> -833.33333 | G79: ='[1]TRIAL BALANCE'!$F$67+'[1]TRIAL BALANCE'!$G$67 -> 2500
A80: 1422053 | B80: Block Manufactures | C80: 300 | D80: =C80/12 -> 25 | E80: ='[2]TRIAL BALANCE'!$F$68 -> 0 | F80: =E80-D80 -> -25 | G80: ='[1]TRIAL BALANCE'!$F$68+'[1]TRIAL BALANCE'!$G$68 -> 0
A81: 1422059 | B81: Cocoa Residue Dealers | C81: 10000 | D81: =C81/12 -> 833.33333 | E81: ='[2]TRIAL BALANCE'!$F$69 -> 0 | F81: =E81-D81 -> -833.33333 | G81: ='[1]TRIAL BALANCE'!$F$69+'[1]TRIAL BALANCE'!$G$69 -> 1300
A82: 1422072 | B82: Registration of Contracts/Building | C82: 5000 | D82: =C82/12 -> 416.66667 | E82: ='[2]TRIAL BALANCE'!$F$70 -> 0 | F82: =E82-D82 -> -416.66667 | G82: ='[1]TRIAL BALANCE'!$F$70+'[1]TRIAL BALANCE'!$G$70 -> 500
A83: 1422077 | B83: Drug Permit | C83: 3500 | D83: =C83/12 -> 291.66667 | E83: ='[2]TRIAL BALANCE'!$F$71 -> 0 | F83: =E83-D83 -> -291.66667 | G83: ='[1]TRIAL BALANCE'!$F$71+'[1]TRIAL BALANCE'!$G$71 -> 0
A84: 1422123 | B84: Canopy and Chairs | C84: 3000 | D84: =C84/12 -> 250 | E84: ='[2]TRIAL BALANCE'!$F$72 -> 0 | F84: =E84-D84 -> -250 | G84: ='[1]TRIAL BALANCE'!$F$72+'[1]TRIAL BALANCE'!$G$72 -> 50
A85: 1422148 | B85: Printing Services | C85: 200 | D85: =C85/12 -> 16.666667 | E85: ='[2]TRIAL BALANCE'!$F$73 -> 0 | F85: =E85-D85 -> -16.666667 | G85: ='[1]TRIAL BALANCE'!$F$73+'[1]TRIAL BALANCE'!$G$73 -> 50
B87: Sub Sub Total | C87: =SUM(C62:C85) -> 61800 | D87: =SUM(D62:D86) -> 5150 | E87: =SUM(E62:E86) -> 10331 | F87: =SUM(F62:F85) -> 5181 | G87: =SUM(G62:G85) -> 67073.46
A89: CODE | B89: SUB HEAD | C89: ANNUAL | D89: MONTHLY | E89: MONTHLY | F89: MONTHLY | G89: ACCUMMULATED
C90: ESTIMATES | D90: BUDGET | E90: ACTUAL | F90: VARIANCE | G90: TOTAL
A91: 4-1423000 | B91: Fees
A92: 1423001 | B92: Market Tolls | C92: 8000 | D92: =C92/12 -> 666.66667 | E92: ='[1]TRIAL BALANCE'!$F$78 -> 469.5 | F92: =E92-D92 -> -197.16667 | G92: ='[1]TRIAL BALANCE'!$F$78+'[1]TRIAL BALANCE'!$G$78 -> 4664
A93: 1423002 | B93: Livestock / kraals | C93: 2500 | D93: =C93/12 -> 208.33333 | E93: ='[1]TRIAL BALANCE'!$F$79 -> 0 | F93: =E93-D93 -> -208.33333 | G93: ='[1]TRIAL BALANCE'!$F$79+'[1]TRIAL BALANCE'!$G$79 -> 2815
A94: 1423004 | B94: Sale of Poultry | C94: 1500 | D94: =C94/12 -> 125 | E94: ='[1]TRIAL BALANCE'!$F$80 -> 0 | F94: =E94-D94 -> -125 | G94: ='[1]TRIAL BALANCE'!$F$80+'[1]TRIAL BALANCE'!$G$80 -> 0
A95: 1423006 | B95: Burial Fees | C95: 10000 | D95: =C95/12 -> 833.33333 | E95: ='[1]TRIAL BALANCE'!$F$81 -> 500 | F95: =E95-D95 -> -333.33333 | G95: ='[1]TRIAL BALANCE'!$F$81+'[1]TRIAL BALANCE'!$G$81 -> 5900
A96: 1423010 | B96: Export Commodities | C96: 20000 | D96: =C96/12 -> 1666.6667 | E96: ='[1]TRIAL BALANCE'!$F$82 -> 0 | F96: =E96-D96 -> -1666.6667 | G96: ='[1]TRIAL BALANCE'!$F$82+'[1]TRIAL BALANCE'!$G$82 -> 10960
A97: 1423011 | B97: Marriage Registration/Divorce | C97: 2500 | D97: =C97/12 -> 208.33333 | E97: ='[1]TRIAL BALANCE'!$F$83 -> 0 | F97: =E97-D97 -> -208.33333 | G97: ='[1]TRIAL BALANCE'!$F$83+'[1]TRIAL BALANCE'!$G$83 -> 600
A98: 1423078 | B98: Business Registration | C98: 10000 | D98: =C98/12 -> 833.33333 | E98: ='[1]TRIAL BALANCE'!$F$84 -> 0 | F98: =E98-D98 -> -833.33333 | G98: ='[1]TRIAL BALANCE'!$F$84+'[1]TRIAL BALANCE'!$G$84 -> 5900
A99: 1423086 | B99: Car Stickers | C99: 10000 | D99: =C99/12 -> 833.33333 | E99: ='[1]TRIAL BALANCE'!$F$85 -> 0 | F99: =E99-D99 -> -833.33333 | G99: ='[1]TRIAL BALANCE'!$F$85+'[1]TRIAL BALANCE'!$G$85 -> 0
A100: 1423243 | B100: Hawkers Fee | C100: 1000 | D100: =C100/12 -> 83.333333 | E100: ='[1]TRIAL BALANCE'!$F$86 -> 0 | F100: =E100-D100 -> -83.333333 | G100: ='[1]TRIAL BALANCE'!$F$86+'[1]TRIAL BALANCE'!$G$86 -> 500
A101: 1423527 | B101: Tender Document | C101: 1500 | D101: =C101/12 -> 125 | E101: ='[1]TRIAL BALANCE'!$F$87 -> 0 | F101: =E101-D101 -> -125 | G101: ='[1]TRIAL BALANCE'!$F$87+'[1]TRIAL BALANCE'!$G$87 -> 11400
B103: Sub Sub total | C103: =SUM(C92:C101) -> 67000 | D103: =SUM(D92:D101) -> 5583.3333 | E103: =SUM(E92:E101) -> 969.5 | F103: =SUM(F92:F101) -> -4613.8333 | G103: =SUM(G92:G101) -> 42739
A105: CODE | B105: SUB HEAD | C105: ANNUAL | D105: MONTHLY | E105: MONTHLY | F105: MONTHLY | G105: ACCUMMULATED
C106: ESTIMATES | D106: BUDGET | E106: ACTUAL | F106: VARIANCE | G106: TOTAL
A107: 4-1430000 | B107: Fines, Penalties & Forfeit
A108: 1430001 | B108: Court Fines | C108: 1000 | D108: =C108/12 -> 83.333333 | E108: ='[1]TRIAL BALANCE'!$F$93 -> 0 | F108: =E108-D108 -> -83.333333 | G108: ='[1]TRIAL BALANCE'!$F$93+'[1]TRIAL BALANCE'!$G$93 -> 0
A109: 1430015 | B109: Fines | C109: 3000 | D109: =C109/12 -> 250 | E109: ='[1]TRIAL BALANCE'!$F$94 -> 0 | F109: =E109-D109 -> -250 | G109: ='[1]TRIAL BALANCE'!$F$94+'[1]TRIAL BALANCE'!$G$94 -> 0
A110: 1430016 | B110: Spot Fine - Lorry Park | C110: 5000 | D110: =C110/12 -> 416.66667 | E110: ='[1]TRIAL BALANCE'!$F$95 -> 500 | F110: =E110-D110 -> 83.333333 | G110: ='[1]TRIAL BALANCE'!$F$95+'[1]TRIAL BALANCE'!$G$95 -> 3678.33
B112: Sub Sub Total | C112: =SUM(C108:C110) -> 9000 | D112: =SUM(D108:D110) -> 750 | E112: =SUM(E108:E110) -> 500 | F112: =SUM(F108:F110) -> -250 | G112: =SUM(G108:G110) -> 3678.33
A114: CODE | B114: SUB HEAD | C114: ANNUAL | D114: MONTHLY | E114: MONTHLY | F114: MONTHLY | G114: ACCUMMULATED
C115: ESTIMATES | D115: BUDGET | E115: ACTUAL | F115: VARIANCE | G115: TOTAL
A116: 1450000 | B116: Miscellaneous & Unidentified Revenue
A117: 1450007 | B117: Other Sundry Recoveries | C117: 1000 | D117: =C117/12 -> 83.333333 | E117: ='[1]TRIAL BALANCE'!$F$100 -> 2000 | F117: =E117-D117 -> 1916.6667 | G117: ='[1]TRIAL BALANCE'!$F$100+'[1]TRIAL BALANCE'!$G$100 -> 2369.87
B119: Sub Sub Total | C119: =C117 -> 1000 | D119: =D117 -> 83.333333 | E119: =E117 -> 2000 | F119: =F117 -> 1916.6667 | G119: =G117 -> 2369.87
...

Sheet MAIN SUM. EXP.
A1: BOSME FREHO DISTRICT ASSEMBLY, ASIWA-ASHANTI
A2: TRIAL BALANCE MAIN SUMMARY - DEBIT
A3: ='[1]TRIAL BALANCE'!$F$130 -> AS AT DECEMBER 31, 2 0 1 9
B5: MAIN HEADS | C5: ANNUAL | D5: MONTHLY | E5: MONTHLY | F5: MONTHLY | G5: ACCUMMULATED
C6: ESTIMATES | D6: BUDGET | E6: ACTUAL | F6: VARIANCE | G6: TOTAL
A7: CODE | B7: EXPENDITURE
A9: 10-2100000 | B9: Compensation of Employees | C9: ='SUB SUM. EXP.'!C15 -> 1809326.2 | D9: ='SUB SUM. EXP.'!D15 -> 150777.18 | E9: ='SUB SUM. EXP.'!E15 -> 105052.62 | F9: ='SUB SUM. EXP.'!F15 -> 45724.562 | G9: ='SUB SUM. EXP.'!G15 -> 1333369
A10: 11-2200000 | B10: Goods and Services | C10: ='SUB SUM. EXP.'!C31 -> 2689612.1 | D10: ='SUB SUM. EXP.'!D31 -> 224134.34 | E10: ='SUB SUM. EXP.'!E31 -> 323622.2 | F10: ='SUB SUM. EXP.'!F31 -> -99487.86 | G10: ='SUB SUM. EXP.'!G31 -> 2567452.1
A11: 11-2200000 | B11: Goods and Services - Liabilities
A12: 12-2300000 | B12: Consumption of Fixed Capital (GFS) | C12: ='SUB SUM. EXP.'!C36 -> 0 | D12: ='SUB SUM. EXP.'!D36 -> 0 | E12: ='SUB SUM. EXP.'!E36 -> 0 | F12: ='SUB SUM. EXP.'!F36 -> 0 | G12: ='SUB SUM. EXP.'!G36 -> 0
A13: 13-2400000 | B13: Interest (GFS) | C13: ='SUB SUM. EXP.'!C45 -> 0 | D13: ='SUB SUM. EXP.'!D45 -> 0 | E13: ='SUB SUM. EXP.'!E45 -> 0 | F13: ='SUB SUM. EXP.'!F45 -> 0 | G13: ='SUB SUM. EXP.'!G45 -> 0
A14: 15-2700000 | B14: Social Benefits (GFS) | C14: ='SUB SUM. EXP.'!C55 -> 5000 | D14: ='SUB SUM. EXP.'!D55 -> 416.66667 | E14: ='SUB SUM. EXP.'!E55 -> 0 | F14: ='SUB SUM. EXP.'!F55 -> 416.66667 | G14: ='SUB SUM. EXP.'!G55 -> 0
A15: 16-2800000 | B15: Other Expenses | C15: ='SUB SUM. EXP.'!C60 -> 2000 | D15: ='SUB SUM. EXP.'!D60 -> 166.66667 | E15: ='SUB SUM. EXP.'!E60 -> 0 | F15: ='SUB SUM. EXP.'!F60 -> 166.66667 | G15: ='SUB SUM. EXP.'!G60 -> 1133.02
A16: 17-3110000 | B16: Fixed Assets (Non-Financial) | C16: ='SUB SUM. EXP.'!C69 -> 1808014.9 | D16: ='SUB SUM. EXP.'!D69 -> 150667.91 | E16: ='SUB SUM. EXP.'!E69 -> 7820 | F16: ='SUB SUM. EXP.'!F69 -> 142847.91 | G16: ='SUB SUM. EXP.'!G69 -> 1202248.5
A17: 18-3110000 | B17: Work-In-Progress | C17: ='SUB SUM. EXP.'!C79 -> 626944.34 | D17: ='SUB SUM. EXP.'!D79 -> 52245.362 | E17: ='SUB SUM. EXP.'!E79 -> 220532.69 | F17: ='SUB SUM. EXP.'!F79 -> -168287.33 | G17: ='SUB SUM. EXP.'!G79 -> 712054.5
B18: DIRECT FIMUGATION DEDUCTIONS | G18: ='EXP. DETAILS'!G389 -> 201250
B20: GRAND TOTAL | C20: =SUM(C9:C19) -> 6940897.5 | D20: =SUM(D9:D19) -> 578408.13 | E20: =SUM(E9:E19) -> 657027.51 | F20: =SUM(F9:F19) -> -78619.384 | G20: =SUM(G9:G19) -> 6017507.1

Sheet SUB SUM. EXP.
A1: BOSME FREHO DISTRICT ASSEMBLY, ASIWA-ASHANTI
A2: TRIAL BALANCE SUB SUMMARY - DEBIT
A3: ='[1]TRIAL BALANCE'!$F$130 -> AS AT DECEMBER 31, 2 0 1 9
B5: MAIN EXP. HEAD: COMPENSATION OF EMPLOYEES
A7: CODE | B7: SUB HEAD | C7: ANNUAL | D7: MONTHLY | E7: MONTHLY | F7: MONTHLY | G7: ACCUMMULATED
C8: ESTIMATES | D8: BUDGET | E8: ACTUAL | F8: VARIANCE | G8: TOTAL
A10: 2111000 | B10: Establishment Position | C10: ='EXP. DETAILS'!C12+'EXP. DETAILS'!C85+'EXP. DETAILS'!C113+'EXP. DETAILS'!C129+'EXP. DETAILS'!C169+'EXP. DETAILS'!C266+'EXP. DETAILS'!C310+'EXP. DETAILS'!C364 -> 1678889.9 | D10: ='EXP. DETAILS'!D12+'EXP. DETAILS'!D85+'EXP. DETAILS'!D113+'EXP. DETAILS'!D129+'EXP. DETAILS'!D169+'EXP. DETAILS'!D266+'EXP. DETAILS'!D310+'EXP. DETAILS'!D364 -> 139907.49 | E10: ='EXP. DETAILS'!E12+'EXP. DETAILS'!E85+'EXP. DETAILS'!E113+'EXP. DETAILS'!E129+'EXP. DETAILS'!E169+'EXP. DETAILS'!E266+'EXP. DETAILS'!E310+'EXP. DETAILS'!E364 -> 102493.1 | F10: ='EXP. DETAILS'!F12+'EXP. DETAILS'!F85+'EXP. DETAILS'!F113+'EXP. DETAILS'!F129+'EXP. DETAILS'!F169+'EXP. DETAILS'!F266+'EXP. DETAILS'!F310+'EXP. DETAILS'!F364 -> 37414.392 | G10: ='EXP. DETAILS'!G12+'EXP. DETAILS'!G85+'EXP. DETAILS'!G113+'EXP. DETAILS'!G129+'EXP. DETAILS'!G169+'EXP. DETAILS'!G266+'EXP. DETAILS'!G310+'EXP. DETAILS'!G364 -> 1284224.2
A11: 2111200 | B11: Non-Establishment Position | C11: ='EXP. DETAILS'!C18 -> 32004 | D11: ='EXP. DETAILS'!D18 -> 2667 | E11: ='EXP. DETAILS'!E18 -> 2138.44 | F11: ='EXP. DETAILS'!F18 -> 528.56 | G11: ='EXP. DETAILS'!G18 -> 25392.83
A12: 2111200 | B12: Other Allowance | C12: ='EXP. DETAILS'!C17+'EXP. DETAILS'!C32+'EXP. DETAILS'!C59+'EXP. DETAILS'!C95+'EXP. DETAILS'!C177 -> 94269.75 | D12: ='EXP. DETAILS'!D17+'EXP. DETAILS'!D32+'EXP. DETAILS'!D59+'EXP. DETAILS'!D95+'EXP. DETAILS'!D177 -> 7855.8125 | E12: ='EXP. DETAILS'!E17+'EXP. DETAILS'!E32+'EXP. DETAILS'!E59+'EXP. DETAILS'!E95+'EXP. DETAILS'!E177 -> 0 | F12: ='EXP. DETAILS'!F17+'EXP. DETAILS'!F32+'EXP. DETAILS'!F59+'EXP. DETAILS'!F95+'EXP. DETAILS'!F177 -> 7855.8125 | G12: ='EXP. DETAILS'!G17+'EXP. DETAILS'!G32+'EXP. DETAILS'!G59+'EXP. DETAILS'!G95+'EXP. DETAILS'!G177 -> 17660.36
A13: 2121300 | B13: National Pension Contribution | C13: ='EXP. DETAILS'!C19 -> 4162.52 | D13: ='EXP. DETAILS'!D19 -> 346.87667 | E13: ='EXP. DETAILS'!E19 -> 421.08 | F13: ='EXP. DETAILS'!F19 -> -74.203333 | G13: ='EXP. DETAILS'!G19 -> 6091.64
B15: Sub -Total | C15: =SUM(C10:C14) -> 1809326.2 | D15: =SUM(D10:D14) -> 150777.18 | E15: =SUM(E10:E14) -> 105052.62 | F15: =SUM(F10:F14) -> 45724.562 | G15: =SUM(G10:G14) -> 1333369
B17: MAIN EXP.HEAD:11-2200000 Goods &Services
A18: CODE | B18: SUB HEAD | C18: ANNUAL | D18: MONTHLY | E18: MONTHLY | F18: MONTHLY | G18: ACCUMMULATED
C19: ESTIMATES | D19: BUDGET | E19: ACTUAL | F19: VARIANCE | G19: TOTAL
A20: 2210100 | B20: Material & office Consumables | C20: ='EXP. DETAILS'!C26+'EXP. DETAILS'!C27+'EXP. DETAILS'!C48+'EXP. DETAILS'!C54+'EXP. DETAILS'!C61+'EXP. DETAILS'!C63+'EXP. DETAILS'!C103+'EXP. DETAILS'!C91+'EXP. DETAILS'!C153+'EXP. DETAILS'!C185+'EXP. DETAILS'!C172+'EXP. DETAILS'!C239+'EXP. DETAILS'!C256+'EXP. DETAILS'!C282+'EXP. DETAILS'!C317+'EXP. DETAILS'!C312+'EXP. DETAILS'!C348+'EXP. DETAILS'!C378+'EXP. DETAILS'!C62 -> 448323.37 | D20: ='EXP. DETAILS'!D26+'EXP. DETAILS'!D27+'EXP. DETAILS'!D48+'EXP. DETAILS'!D54+'EXP. DETAILS'!D61+'EXP. DETAILS'!D63+'EXP. DETAILS'!D103+'EXP. DETAILS'!D91+'EXP. DETAILS'!D153+'EXP. DETAILS'!D185+'EXP. DETAILS'!D172+'EXP. DETAILS'!D239+'EXP. DETAILS'!D256+'EXP. DETAILS'!D282+'EXP. DETAILS'!D317+'EXP. DETAILS'!D312+'EXP. DETAILS'!D348+'EXP. DETAILS'!D378+'EXP. DETAILS'!D62 -> 37360.281 | E20: ='EXP. DETAILS'!E26+'EXP. DETAILS'!E27+'EXP. DETAILS'!E48+'EXP. DETAILS'!E54+'EXP. DETAILS'!E61+'EXP. DETAILS'!E63+'EXP. DETAILS'!E103+'EXP. DETAILS'!E91+'EXP. DETAILS'!E153+'EXP. DETAILS'!E185+'EXP. DETAILS'!E172+'EXP. DETAILS'!E239+'EXP. DETAILS'!E256+'EXP. DETAILS'!E282+'EXP. DETAILS'!E317+'EXP. DETAILS'!E312+'EXP. DETAILS'!E348+'EXP. DETAILS'!E378+'EXP. DETAILS'!E62 -> 92726.06 | F20: ='EXP. DETAILS'!F26+'EXP. DETAILS'!F27+'EXP. DETAILS'!F48+'EXP. DETAILS'!F54+'EXP. DETAILS'!F61+'EXP. DETAILS'!F63+'EXP. DETAILS'!F103+'EXP. DETAILS'!F91+'EXP. DETAILS'!F153+'EXP. DETAILS'!F185+'EXP. DETAILS'!F172+'EXP. DETAILS'!F239+'EXP. DETAILS'!F256+'EXP. DETAILS'!F282+'EXP. DETAILS'!F317+'EXP. DETAILS'!F312+'EXP. DETAILS'!F348+'EXP. DETAILS'!F378+'EXP. DETAILS'!F62 -> -55365.779 | G20: ='EXP. DETAILS'!G26+'EXP. DETAILS'!G27+'EXP. DETAILS'!G48+'EXP. DETAILS'!G54+'EXP. DETAILS'!G61+'EXP. DETAILS'!G63+'EXP. DETAILS'!G103+'EXP. DETAILS'!G91+'EXP. DETAILS'!G153+'EXP. DETAILS'!G185+'EXP. DETAILS'!G172+'EXP. DETAILS'!G239+'EXP. DETAILS'!G256+'EXP. DETAILS'!G282+'EXP. DETAILS'!G317+'EXP. DETAILS'!G312+'EXP. DETAILS'!G348+'EXP. DETAILS'!G378+'EXP. DETAILS'!G62 -> 645812.14
A21: 2210200 | B21: Utilities | C21: ='EXP. DETAILS'!C39+'EXP. DETAILS'!C64+'EXP. DETAILS'!C65+'EXP. DETAILS'!C373+'EXP. DETAILS'!C379 -> 47000 | D21: ='EXP. DETAILS'!D39+'EXP. DETAILS'!D64+'EXP. DETAILS'!D65+'EXP. DETAILS'!D373+'EXP. DETAILS'!D379 -> 3916.6667 | E21: ='EXP. DETAILS'!E39+'EXP. DETAILS'!E64+'EXP. DETAILS'!E65+'EXP. DETAILS'!E373+'EXP. DETAILS'!E379 -> 0 | F21: ='EXP. DETAILS'!F39+'EXP. DETAILS'!F64+'EXP. DETAILS'!F65+'EXP. DETAILS'!F373+'EXP. DETAILS'!F379 -> 3916.6667 | G21: ='EXP. DETAILS'!G39+'EXP. DETAILS'!G64+'EXP. DETAILS'!G65+'EXP. DETAILS'!G373+'EXP. DETAILS'!G379 -> 2779
A22: 2210400 | B22: Rentals | C22: ='EXP. DETAILS'!C66 -> 2000 | D22: ='EXP. DETAILS'!D66 -> 166.66667 | E22: ='EXP. DETAILS'!E66 -> 0 | F22: ='EXP. DETAILS'!F66 -> 166.66667 | G22: ='EXP. DETAILS'!G66 -> 2895
A23: 2210500 | B23: Travel & Transport | C23: ='EXP. DETAILS'!C36+'EXP. DETAILS'!C46+'EXP. DETAILS'!C68+'EXP. DETAILS'!C69+'EXP. DETAILS'!C70+'EXP. DETAILS'!C90+'EXP. DETAILS'!C93+'EXP. DETAILS'!C92+'EXP. DETAILS'!C119+'EXP. DETAILS'!C171+'EXP. DETAILS'!C179+'EXP. DETAILS'!C180+'EXP. DETAILS'!C221+'EXP. DETAILS'!C251+'EXP. DETAILS'!C274+'EXP. DETAILS'!C275+'EXP. DETAILS'!C276+'EXP. DETAILS'!C300+'EXP. DETAILS'!C334+'EXP. DETAILS'!C335+'EXP. DETAILS'!C353+'EXP. DETAILS'!C354+'EXP. DETAILS'!C369+'EXP. DETAILS'!C371+'EXP. DETAILS'!C372+'EXP. DETAILS'!C102 -> 205200 | D23: ='EXP. DETAILS'!D36+'EXP. DETAILS'!D46+'EXP. DETAILS'!D68+'EXP. DETAILS'!D69+'EXP. DETAILS'!D70+'EXP. DETAILS'!D90+'EXP. DETAILS'!D93+'EXP. DETAILS'!D92+'EXP. DETAILS'!D119+'EXP. DETAILS'!D171+'EXP. DETAILS'!D179+'EXP. DETAILS'!D180+'EXP. DETAILS'!D221+'EXP. DETAILS'!D251+'EXP. DETAILS'!D274+'EXP. DETAILS'!D275+'EXP. DETAILS'!D276+'EXP. DETAILS'!D300+'EXP. DETAILS'!D334+'EXP. DETAILS'!D335+'EXP. DETAILS'!D353+'EXP. DETAILS'!D354+'EXP. DETAILS'!D369+'EXP. DETAILS'!D371+'EXP. DETAILS'!D372+'EXP. DETAILS'!D102 -> 17100 | E23: ='EXP. DETAILS'!E36+'EXP. DETAILS'!E46+'EXP. DETAILS'!E68+'EXP. DETAILS'!E69+'EXP. DETAILS'!E70+'EXP. DETAILS'!E90+'EXP. DETAILS'!E93+'EXP. DETAILS'!E92+'EXP. DETAILS'!E119+'EXP. DETAILS'!E171+'EXP. DETAILS'!E179+'EXP. DETAILS'!E180+'EXP. DETAILS'!E221+'EXP. DETAILS'!E251+'EXP. DETAILS'!E274+'EXP. DETAILS'!E275+'EXP. DETAILS'!E276+'EXP. DETAILS'!E300+'EXP. DETAILS'!E334+'EXP. DETAILS'!E335+'EXP. DETAILS'!E353+'EXP. DETAILS'!E354+'EXP. DETAILS'!E369+'EXP. DETAILS'!E371+'EXP. DETAILS'!E372+'EXP. DETAILS'!E102 -> 33292 | F23: ='EXP. DETAILS'!F36+'EXP. DETAILS'!F46+'EXP. DETAILS'!F68+'EXP. DETAILS'!F69+'EXP. DETAILS'!F70+'EXP. DETAILS'!F90+'EXP. DETAILS'!F93+'EXP. DETAILS'!F92+'EXP. DETAILS'!F119+'EXP. DETAILS'!F171+'EXP. DETAILS'!F179+'EXP. DETAILS'!F180+'EXP. DETAILS'!F221+'EXP. DETAILS'!F251+'EXP. DETAILS'!F274+'EXP. DETAILS'!F275+'EXP. DETAILS'!F276+'EXP. DETAILS'!F300+'EXP. DETAILS'!F334+'EXP. DETAILS'!F335+'EXP. DETAILS'!F353+'EXP. DETAILS'!F354+'EXP. DETAILS'!F369+'EXP. DETAILS'!F371+'EXP. DETAILS'!F372+'EXP. DETAILS'!F102 -> -16192 | G23: ='EXP. DETAILS'!G36+'EXP. DETAILS'!G46+'EXP. DETAILS'!G68+'EXP. DETAILS'!G69+'EXP. DETAILS'!G70+'EXP. DETAILS'!G90+'EXP. DETAILS'!G93+'EXP. DETAILS'!G92+'EXP. DETAILS'!G119+'EXP. DETAILS'!G171+'EXP. DETAILS'!G179+'EXP. DETAILS'!G180+'EXP. DETAILS'!G221+'EXP. DETAILS'!G251+'EXP. DETAILS'!G274+'EXP. DETAILS'!G275+'EXP. DETAILS'!G276+'EXP. DETAILS'!G300+'EXP. DETAILS'!G334+'EXP. DETAILS'!G335+'EXP. DETAILS'!G353+'EXP. DETAILS'!G354+'EXP. DETAILS'!G369+'EXP. DETAILS'!G371+'EXP. DETAILS'!G372+'EXP. DETAILS'!G102 -> 126598.61
A24: 2210600 | B24: Repairs & Maintenance | C24: ='EXP. DETAILS'!C29+'EXP. DETAILS'!C30+'EXP. DETAILS'!C170+'EXP. DETAILS'!C67 -> 58500 | D24: ='EXP. DETAILS'!D29+'EXP. DETAILS'!D30+'EXP. DETAILS'!D170+'EXP. DETAILS'!D67 -> 4875 | E24: ='EXP. DETAILS'!E29+'EXP. DETAILS'!E30+'EXP. DETAILS'!E170+'EXP. DETAILS'!E67 -> 3880 | F24: ='EXP. DETAILS'!F29+'EXP. DETAILS'!F30+'EXP. DETAILS'!F170+'EXP. DETAILS'!F67 -> 995 | G24: ='EXP. DETAILS'!G29+'EXP. DETAILS'!G30+'EXP. DETAILS'!G170+'EXP. DETAILS'!G67 -> 53276.13
A25: 2210700 | B25: Training, & Seminar &Conf .Cost | C25: ='EXP. DETAILS'!C31+'EXP. DETAILS'!C47+'EXP. DETAILS'!C100+'EXP. DETAILS'!C118+'EXP. DETAILS'!C134+'EXP. DETAILS'!C135+'EXP. DETAILS'!C141+'EXP. DETAILS'!C154+'EXP. DETAILS'!C159+'EXP. DETAILS'!C186+'EXP. DETAILS'!C237+'EXP. DETAILS'!C240+'EXP. DETAILS'!C283+'EXP. DETAILS'!C267+'EXP. DETAILS'!C268+'EXP. DETAILS'!C269+'EXP. DETAILS'!C294+'EXP. DETAILS'!C318+'EXP. DETAILS'!C311+'EXP. DETAILS'!C329+'EXP. DETAILS'!C347+'EXP. DETAILS'!C381+'EXP. DETAILS'!C71+'EXP. DETAILS'!C386 -> 621785.48 | D25: ='EXP. DETAILS'!D31+'EXP. DETAILS'!D47+'EXP. DETAILS'!D100+'EXP. DETAILS'!D118+'EXP. DETAILS'!D134+'EXP. DETAILS'!D135+'EXP. DETAILS'!D141+'EXP. DETAILS'!D154+'EXP. DETAILS'!D159+'EXP. DETAILS'!D186+'EXP. DETAILS'!D237+'EXP. DETAILS'!D240+'EXP. DETAILS'!D283+'EXP. DETAILS'!D267+'EXP. DETAILS'!D268+'EXP. DETAILS'!D269+'EXP. DETAILS'!D294+'EXP. DETAILS'!D318+'EXP. DETAILS'!D311+'EXP. DETAILS'!D329+'EXP. DETAILS'!D347+'EXP. DETAILS'!D381+'EXP. DETAILS'!D71+'EXP. DETAILS'!D386 -> 51815.457 | E25: ='EXP. DETAILS'!E31+'EXP. DETAILS'!E47+'EXP. DETAILS'!E100+'EXP. DETAILS'!E118+'EXP. DETAILS'!E134+'EXP. DETAILS'!E135+'EXP. DETAILS'!E141+'EXP. DETAILS'!E154+'EXP. DETAILS'!E159+'EXP. DETAILS'!E186+'EXP. DETAILS'!E237+'EXP. DETAILS'!E240+'EXP. DETAILS'!E283+'EXP. DETAILS'!E267+'EXP. DETAILS'!E268+'EXP. DETAILS'!E269+'EXP. DETAILS'!E294+'EXP. DETAILS'!E318+'EXP. DETAILS'!E311+'EXP. DETAILS'!E329+'EXP. DETAILS'!E347+'EXP. DETAILS'!E381+'EXP. DETAILS'!E71+'EXP. DETAILS'!E386 -> 99657.14 | F25: ='EXP. DETAILS'!F31+'EXP. DETAILS'!F47+'EXP. DETAILS'!F100+'EXP. DETAILS'!F118+'EXP. DETAILS'!F134+'EXP. DETAILS'!F135+'EXP. DETAILS'!F141+'EXP. DETAILS'!F154+'EXP. DETAILS'!F159+'EXP. DETAILS'!F186+'EXP. DETAILS'!F237+'EXP. DETAILS'!F240+'EXP. DETAILS'!F283+'EXP. DETAILS'!F267+'EXP. DETAILS'!F268+'EXP. DETAILS'!F269+'EXP. DETAILS'!F294+'EXP. DETAILS'!F318+'EXP. DETAILS'!F311+'EXP. DETAILS'!F329+'EXP. DETAILS'!F347+'EXP. DETAILS'!F381+'EXP. DETAILS'!F71+'EXP. DETAILS'!F386 -> -47841.683 | G25: ='EXP. DETAILS'!G31+'EXP. DETAILS'!G47+'EXP. DETAILS'!G100+'EXP. DETAILS'!G118+'EXP. DETAILS'!G134+'EXP. DETAILS'!G135+'EXP. DETAILS'!G141+'EXP. DETAILS'!G154+'EXP. DETAILS'!G159+'EXP. DETAILS'!G186+'EXP. DETAILS'!G237+'EXP. DETAILS'!G240+'EXP. DETAILS'!G283+'EXP. DETAILS'!G267+'EXP. DETAILS'!G268+'EXP. DETAILS'!G269+'EXP. DETAILS'!G294+'EXP. DETAILS'!G318+'EXP. DETAILS'!G311+'EXP. DETAILS'!G329+'EXP. DETAILS'!G347+'EXP. DETAILS'!G381+'EXP. DETAILS'!G71+'EXP. DETAILS'!G386 -> 411983.51
A26: 2210800 | B26: Consultancy Expenses | C26: ='EXP. DETAILS'!C37+'EXP. DETAILS'!C73 -> 10500 | D26: ='EXP. DETAILS'!D37+'EXP. DETAILS'!D73 -> 875 | E26: ='EXP. DETAILS'!E37+'EXP. DETAILS'!E73 -> 0 | F26: ='EXP. DETAILS'!F37+'EXP. DETAILS'!F73 -> 875 | G26: ='EXP. DETAILS'!G37+'EXP. DETAILS'!G73 -> 0
A27: 2210900 | B27: Special Services | C27: ='EXP. DETAILS'!C21+'EXP. DETAILS'!C28+'EXP. DETAILS'!C60+'EXP. DETAILS'!C319 -> 154400 | D27: ='EXP. DETAILS'!D21+'EXP. DETAILS'!D28+'EXP. DETAILS'!D60+'EXP. DETAILS'!D319 -> 12866.667 | E27: ='EXP. DETAILS'!E21+'EXP. DETAILS'!E28+'EXP. DETAILS'!E60+'EXP. DETAILS'!E319 -> 62045 | F27: ='EXP. DETAILS'!F21+'EXP. DETAILS'!F28+'EXP. DETAILS'!F60+'EXP. DETAILS'!F319 -> -49178.333 | G27: ='EXP. DETAILS'!G21+'EXP. DETAILS'!G28+'EXP. DETAILS'!G60+'EXP. DETAILS'!G319 -> 113038
A28: 2821100 | B28: General Expenses | C28: ='EXP. DETAILS'!C34+'EXP. DETAILS'!C38+'EXP. DETAILS'!C33+'EXP. DETAILS'!C40+'EXP. DETAILS'!C53+'EXP. DETAILS'!C74+'EXP. DETAILS'!C75+'EXP. DETAILS'!C101+'EXP. DETAILS'!C94+'EXP. DETAILS'!C136+'EXP. DETAILS'!C205+'EXP. DETAILS'!C206+'EXP. DETAILS'!C222+'EXP. DETAILS'!C227+'EXP. DETAILS'!C281+'EXP. DETAILS'!C295+'EXP. DETAILS'!C321+'EXP. DETAILS'!C322+'EXP. DETAILS'!C323+'EXP. DETAILS'!C324+'EXP. DETAILS'!C380+'EXP. DETAILS'!C370 -> 1061903.2 | D28: ='EXP. DETAILS'!D34+'EXP. DETAILS'!D38+'EXP. DETAILS'!D33+'EXP. DETAILS'!D40+'EXP. DETAILS'!D53+'EXP. DETAILS'!D74+'EXP. DETAILS'!D75+'EXP. DETAILS'!D101+'EXP. DETAILS'!D94+'EXP. DETAILS'!D136+'EXP. DETAILS'!D205+'EXP. DETAILS'!D206+'EXP. DETAILS'!D222+'EXP. DETAILS'!D227+'EXP. DETAILS'!D281+'EXP. DETAILS'!D295+'EXP. DETAILS'!D321+'EXP. DETAILS'!D322+'EXP. DETAILS'!D323+'EXP. DETAILS'!D324+'EXP. DETAILS'!D380+'EXP. DETAILS'!D370 -> 88491.936 | E28: ='EXP. DETAILS'!E34+'EXP. DETAILS'!E38+'EXP. DETAILS'!E33+'EXP. DETAILS'!E40+'EXP. DETAILS'!E53+'EXP. DETAILS'!E74+'EXP. DETAILS'!E75+'EXP. DETAILS'!E101+'EXP. DETAILS'!E94+'EXP. DETAILS'!E136+'EXP. DETAILS'!E205+'EXP. DETAILS'!E206+'EXP. DETAILS'!E222+'EXP. DETAILS'!E227+'EXP. DETAILS'!E281+'EXP. DETAILS'!E295+'EXP. DETAILS'!E321+'EXP. DETAILS'!E322+'EXP. DETAILS'!E323+'EXP. DETAILS'!E324+'EXP. DETAILS'!E380+'EXP. DETAILS'!E370 -> 30622 | F28: ='EXP. DETAILS'!F34+'EXP. DETAILS'!F38+'EXP. DETAILS'!F33+'EXP. DETAILS'!F40+'EXP. DETAILS'!F53+'EXP. DETAILS'!F74+'EXP. DETAILS'!F75+'EXP. DETAILS'!F101+'EXP. DETAILS'!F94+'EXP. DETAILS'!F136+'EXP. DETAILS'!F205+'EXP. DETAILS'!F206+'EXP. DETAILS'!F222+'EXP. DETAILS'!F227+'EXP. DETAILS'!F281+'EXP. DETAILS'!F295+'EXP. DETAILS'!F321+'EXP. DETAILS'!F322+'EXP. DETAILS'!F323+'EXP. DETAILS'!F324+'EXP. DETAILS'!F380+'EXP. DETAILS'!F370 -> 57869.936 | G28: ='EXP. DETAILS'!G34+'EXP. DETAILS'!G38+'EXP. DETAILS'!G33+'EXP. DETAILS'!G40+'EXP. DETAILS'!G53+'EXP. DETAILS'!G74+'EXP. DETAILS'!G75+'EXP. DETAILS'!G101+'EXP. DETAILS'!G94+'EXP. DETAILS'!G136+'EXP. DETAILS'!G205+'EXP. DETAILS'!G206+'EXP. DETAILS'!G222+'EXP. DETAILS'!G227+'EXP. DETAILS'!G281+'EXP. DETAILS'!G295+'EXP. DETAILS'!G321+'EXP. DETAILS'!G322+'EXP. DETAILS'!G323+'EXP. DETAILS'!G324+'EXP. DETAILS'!G380+'EXP. DETAILS'!G370 -> 588623.68
A29: 2212200 | B29: Emergency Services | C29: ='EXP. DETAILS'!C35 -> 80000 | D29: ='EXP. DETAILS'!D35 -> 6666.6667 | E29: ='EXP. DETAILS'!E35 -> 1400 | F29: ='EXP. DETAILS'!F35 -> 5266.6667 | G29: ='EXP. DETAILS'!G35 -> 622446
B31: Sub-Total | C31: =SUM(C20:C30) -> 2689612.1 | D31: =SUM(D20:D30) -> 224134.34 | E31: =SUM(E20:E30) -> 323622.2 | F31: =SUM(F20:F30) -> -99487.86 | G31: =SUM(G20:G30) -> 2567452.1
B33: MAIN EXP.HEAD 12-2300000 Consumption of Fixed Capital[GFS]
C34: ANNUAL | D34: MONTHLY | E34: MONTHLY | F34: MONTHLY | G34: ACCUMMULATED
A35: CODE | B35: SUB-HEAD | C35: ESTIMATES | D35: BUDGET | E35: ACTUAL | F35: VARIANCE | G35: TOTAL
A36: 2311100 | B36: Consumption Of Fixed Capital | C36: 0 | D36: 0 | E36: 0 | F36: 0 | G36: 0
B38: Sub-Total | C38: =C36 -> 0 | D38: =D36 -> 0 | E38: =E36 -> 0 | F38: =F36 -> 0 | G38: =G36 -> 0
B42: MAIN EXP.HEAD:13-2400000 Interest [GFS]
C43: ANNUAL | D43: MONTHLY | E43: MONTHLY | F43: MONTHLY | G43: ACCUMMULATED
A44: CODE | B44: SUB HEAD | C44: ESTIMATES | D44: BUDGET | E44: ACTUAL | F44: VARIANCE | G44: TOTAL
A45: 2421100 | B45: Residents | C45: 0 | D45: 0 | E45: 0 | F45: 0 | G45: 0
B47: Sub-Total | C47: =C45 -> 0 | D47: =D45 -> 0 | E47: =E45 -> 0 | F47: =F45 -> 0 | G47: =G45 -> 0
B49: MAIN EXP.HEAD:15-2700000 Social Benefits [GFS]
C50: ANNUAL | D50: MONTHLY | E50: MONTHLY | F50: MONTHLY | G50: ACCUMMULATED
A51: CODE | B51: SUB -HEAD | C51: ESTIMATES | D51: BUDGET | E51: ACTUAL | F51: VARIANCE | G51: TOTAL
A52: 2721100 | B52: Social Assistance Benefits In Cash | C52: 0 | D52: 0 | E52: 0 | F52: 0 | G52: 0
A53: 2731100 | B53: Employer Social Benefits In Cash | C53: ='EXP. DETAILS'!C20 -> 5000 | D53: ='EXP. DETAILS'!D20 -> 416.66667 | E53: ='EXP. DETAILS'!E20 -> 0 | F53: ='EXP. DETAILS'!F20 -> 416.66667 | G53: ='EXP. DETAILS'!G20 -> 0
B55: Sub-Total | C55: =SUM(C52:C54) -> 5000 | D55: =SUM(D52:D54) -> 416.66667 | E55: =SUM(E52:E54) -> 0 | F55: =SUM(F52:F54) -> 416.66667 | G55: =SUM(G52:G54) -> 0
B57: MAIN EXP.HEAD:16-2800000 Other Expenses
C58: ANNUAL | D58: MONTHLY | E58: MONTHLY | F58: MONTHLY | G58: ACCUMMULATED
A59: CODE | B59: SUB -HEAD | C59: ESTIMATES | D59: BUDGET | E59: ACTUAL | F59: VARIANCE | G59: TOTAL
A60: 2211100 | B60: Other Charges & Fees | C60: ='EXP. DETAILS'!C72 -> 2000 | D60: ='EXP. DETAILS'!D72 -> 166.66667 | E60: ='EXP. DETAILS'!E72 -> 0 | F60: ='EXP. DETAILS'!F72 -> 166.66667 | G60: ='EXP. DETAILS'!G72 -> 1133.02
B62: Sub-Total | C62: =SUM(C60:C61) -> 2000 | D62: =D60 -> 166.66667 | E62: =E60 -> 0 | F62: =F60 -> 166.66667 | G62: =G60 -> 1133.02
B64: MAIN EXP.HEAD:17-311111000 Fixed Assets(Non-Financial)
C65: ANNUAL | D65: MONTHLY | E65: MONTHLY | F65: MONTHLY | G65: ACCUMMULATED
A66: CODE | B66: SUB HEAD | C66: ESTIMATES | D66: BUDGET | E66: ACTUAL | F66: VARIANCE | G66: TOTAL
A67: 3111000 | B67: Fixed Asset(Non Financils) | C67: ='EXP. DETAILS'!C41+'EXP. DETAILS'!C44+'EXP. DETAILS'!C45+'EXP. DETAILS'!C178+'EXP. DETAILS'!C189+'EXP. DETAILS'!C187+'EXP. DETAILS'!C188+'EXP. DETAILS'!C194+'EXP. DETAILS'!C207+'EXP. DETAILS'!C208+'EXP. DETAILS'!C209+'EXP. DETAILS'!C214+'EXP. DETAILS'!C215+'EXP. DETAILS'!C216+'EXP. DETAILS'!C320 -> 1808014.9 | D67: ='EXP. DETAILS'!D41+'EXP. DETAILS'!D44+'EXP. DETAILS'!D45+'EXP. DETAILS'!D178+'EXP. DETAILS'!D189+'EXP. DETAILS'!D187+'EXP. DETAILS'!D188+'EXP. DETAILS'!D194+'EXP. DETAILS'!D207+'EXP. DETAILS'!D208+'EXP. DETAILS'!D209+'EXP. DETAILS'!D214+'EXP. DETAILS'!D215+'EXP. DETAILS'!D216+'EXP. DETAILS'!D320 -> 150667.91 | E67: ='EXP. DETAILS'!E41+'EXP. DETAILS'!E44+'EXP. DETAILS'!E45+'EXP. DETAILS'!E178+'EXP. DETAILS'!E189+'EXP. DETAILS'!E187+'EXP. DETAILS'!E188+'EXP. DETAILS'!E194+'EXP. DETAILS'!E207+'EXP. DETAILS'!E208+'EXP. DETAILS'!E209+'EXP. DETAILS'!E214+'EXP. DETAILS'!E215+'EXP. DETAILS'!E216+'EXP. DETAILS'!E320 -> 7820 | F67: ='EXP. DETAILS'!F41+'EXP. DETAILS'!F44+'EXP. DETAILS'!F45+'EXP. DETAILS'!F178+'EXP. DETAILS'!F189+'EXP. DETAILS'!F187+'EXP. DETAILS'!F188+'EXP. DETAILS'!F194+'EXP. DETAILS'!F207+'EXP. DETAILS'!F208+'EXP. DETAILS'!F209+'EXP. DETAILS'!F214+'EXP. DETAILS'!F215+'EXP. DETAILS'!F216+'EXP. DETAILS'!F320 -> 142847.91 | G67: ='EXP. DETAILS'!G41+'EXP. DETAILS'!G44+'EXP. DETAILS'!G45+'EXP. DETAILS'!G178+'EXP. DETAILS'!G189+'EXP. DETAILS'!G187+'EXP. DETAILS'!G188+'EXP. DETAILS'!G194+'EXP. DETAILS'!G207+'EXP. DETAILS'!G208+'EXP. DETAILS'!G209+'EXP. DETAILS'!G214+'EXP. DETAILS'!G215+'EXP. DETAILS'!G216+'EXP. DETAILS'!G320 -> 1202248.5
B69: Sub- Total | C69: =SUM(C67:C68) -> 1808014.9 | D69: =D67 -> 150667.91 | E69: =E67 -> 7820 | F69: =F67 -> 142847.91 | G69: =G67 -> 1202248.5
B73: MAIN EXP.HEAD:18-31110000 Fixed Assets(Non-Financial)
C74: ANNUAL | D74: MONTHLY | E74: MONTHLY | F74: MONTHLY | G74: ACCUMMULATED
A75: CODE | B75: SUB-TOTAL | C75: ESTIMATES | D75: BUDGET | E75: ACTUAL | F75: VARIANCE | G75: TOTAL
A76: 3111150 | B76: WIP-Dwellinds | C76: ='EXP. DETAILS'!C42+'EXP. DETAILS'!C43 -> 420590.34 | D76: ='EXP. DETAILS'!D42+'EXP. DETAILS'!D43 -> 35049.195 | E76: ='EXP. DETAILS'!E42+'EXP. DETAILS'!E43 -> 190534.25 | F76: ='EXP. DETAILS'!F42+'EXP. DETAILS'!F43 -> -155485.05 | G76: ='EXP. DETAILS'!G42+'EXP. DETAILS'!G43 -> 389519.46
A77: 3111250 | B77: WIP-Non Resident Building | C77: ='EXP. DETAILS'!C241+'EXP. DETAILS'!C246+'EXP. DETAILS'!C238 -> 206354 | D77: ='EXP. DETAILS'!D241+'EXP. DETAILS'!D246+'EXP. DETAILS'!D238 -> 17196.167 | E77: ='EXP. DETAILS'!E241+'EXP. DETAILS'!E246+'EXP. DETAILS'!E238 -> 29998.44 | F77: ='EXP. DETAILS'!F241+'EXP. DETAILS'!F246+'EXP. DETAILS'!F238 -> -12802.273 | G77: ='EXP. DETAILS'!G241+'EXP. DETAILS'!G246+'EXP. DETAILS'!G238 -> 322535.04
B79: Sub-Total | C79: =SUM(C76:C78) -> 626944.34 | D79: =SUM(D76:D78) -> 52245.362 | E79: =SUM(E76:E78) -> 220532.69 | F79: =SUM(F76:F78) -> -168287.33 | G79: =SUM(G76:G78) -> 712054.5
B81: DIRECT FIMUGATION DEDUCTIONS | G81: ='EXP. DETAILS'!G389 -> 201250
B83: GRAND TOTAL | C83: =C15+C31+C38+C47+C55+C62+C69+C79 -> 6940897.5 | D83: =D15+D31+D38+D47+D55+D62+D69+D79 -> 578408.13 | E83: =E15+E31+E38+E47+E55+E62+E69+E79 -> 657027.51 | F83: =F15+F31+F38+F47+F55+F62+F69+F79 -> -78619.384 | G83: =G15+G31+G38+G47+G55+G62+G69+G79+G81 -> 6017507.1

Sheet EXP. DETAILS
A1: BOSOME FREHO DISTRICT ASSEMBLY, ASIWA-ASHANTI
A2: TRIAL BALANCE DEBIT
A3: ='[1]TRIAL BALANCE'!$F$130 -> AS AT DECEMBER 31, 2 0 1 9
B5: MAIN EXP. HEAD MANAGEMENT & ADMINISTRATION
A7: CODE | B7: SUB HEAD | C7: ANNUAL | D7: MONTHLY | E7: MONTHLY | F7: MONTHLY | G7: ACCUMMULATED
C8: ESTIMATES | D8: BUDGET | E8: ACTUAL | F8: VARIANCE | G8: TOTAL
B10: Central Administration
B11: GoG
A12: 2111001 | B12: Established Post | C12: 756210.17 | D12: =C12/12 -> 63017.514 | E12: ='[1]TRIAL BALANCE'!$N$9 -> 37718.3 | F12: =D12-E12 -> 25299.214 | G12: ='[1]TRIAL BALANCE'!$N$9+'[1]TRIAL BALANCE'!$O$9 -> 577096.11
B14: Sub Sub Total | C14: =C12 -> 756210.17 | D14: =SUM(D12) -> 63017.514 | E14: =SUM(E12) -> 37718.3 | F14: =SUM(F12) -> 25299.214 | G14: =SUM(G12) -> 577096.11
B16: IGF
A17: 2111234 | B17: Fuel Allowance | C17: 4000 | D17: =C17/12 -> 333.33333 | E17: ='[1]TRIAL BALANCE'!$N$12 -> 0 | F17: =D17-E17 -> 333.33333 | G17: ='[1]TRIAL BALANCE'!$N$12+'[1]TRIAL BALANCE'!$O$12 -> 1200
A18: 2111102 | B18: Monthly Paid Casual workers | C18: 32004 | D18: =C18/12 -> 2667 | E18: ='[1]TRIAL BALANCE'!$N$13 -> 2138.44 | F18: =D18-E18 -> 528.56 | G18: ='[1]TRIAL BALANCE'!$N$13+'[1]TRIAL BALANCE'!$O$13 -> 25392.83
A19: 2121001 | B19: 13.5% SSNIT Contributions | C19: 4162.52 | D19: =C19/12 -> 346.87667 | E19: ='[1]TRIAL BALANCE'!$N$14 -> 421.08 | F19: =D19-E19 -> -74.203333 | G19: ='[1]TRIAL BALANCE'!$N$14+'[1]TRIAL BALANCE'!$O$14 -> 6091.64
A20: 2111243 | B20: Transfer Grant | C20: 5000 | D20: =C20/12 -> 416.66667 | E20: ='[1]TRIAL BALANCE'!$N$15 -> 0 | F20: =D20-E20 -> 416.66667 | G20: ='[1]TRIAL BALANCE'!$N$15+'[1]TRIAL BALANCE'!$O$15 -> 0
A21: 2111248 | B21: Special Honorarium - PM | C21: 2400 | D21: =C21/12 -> 200 | E21: ='[1]TRIAL BALANCE'!$N$16 -> 0 | F21: =D21-E21 -> 200 | G21: ='[1]TRIAL BALANCE'!$N$16+'[1]TRIAL BALANCE'!$O$16 -> 2200
B23: Sub Sub Total | C23: =SUM(C17:C22) -> 47566.52 | D23: =SUM(D17:D21) -> 3963.8767 | E23: =SUM(E17:E21) -> 2559.52 | F23: =SUM(F17:F21) -> 1404.3567 | G23: =SUM(G17:G21) -> 34884.47
B25: DACF
A26: 2210101 | B26: Printed Material & stationery | C26: 16000 | D26: =C26/12 -> 1333.3333 | E26: ='[1]TRIAL BALANCE'!$N$19 -> 15592.36 | F26: =D26-E26 -> -14259.027 | G26: ='[1]TRIAL BALANCE'!$N$19+'[1]TRIAL BALANCE'!$O$19 -> 82377.44
A27: 2210108 | B27: Construction Material - Self Help Project | C27: 155674.37 | D27: =C27/12 -> 12972.864 | E27: ='[1]TRIAL BALANCE'!$N$20 -> 0 | F27: =D27-E27 -> 12972.864 | G27: ='[1]TRIAL BALANCE'!$N$20+'[1]TRIAL BALANCE'!$O$20 -> 147008
A28: 2210902 | B28: Official Celebrations | C28: 125000 | D28: =C28/12 -> 10416.667 | E28: ='[1]TRIAL BALANCE'!$N$21 -> 62045 | F28: =D28-E28 -> -51628.333 | G28: ='[1]TRIAL BALANCE'!$N$21+'[1]TRIAL BALANCE'!$O$21 -> 104338
A29: 2210606 | B29: Maintenance of General Equipment | C29: 15000 | D29: =C29/12 -> 1250 | E29: ='[1]TRIAL BALANCE'!$N$22 -> 0 | F29: =D29-E29 -> 1250 | G29: ='[1]TRIAL BALANCE'!$N$22+'[1]TRIAL BALANCE'!$O$22 -> 10270
A30: 2210623 | B30: Maintenance of Office Equipment | C30: 20000 | D30: =C30/12 -> 1666.6667 | E30: ='[1]TRIAL BALANCE'!$N$23 -> 1700 | F30: =D30-E30 -> -33.333333 | G30: ='[1]TRIAL BALANCE'!$N$23+'[1]TRIAL BALANCE'!$O$23 -> 10220
A31: 2210711 | B31: Public Education & Sensitization | C31: 30000 | D31: =C31/12 -> 2500 | E31: ='[1]TRIAL BALANCE'!$N$24 -> 0 | F31: =D31-E31 -> 2500 | G31: ='[1]TRIAL BALANCE'!$N$24+'[1]TRIAL BALANCE'!$O$24 -> 48168.1
A32: 2210904 | B32: Substructure Allowances - Support to Area Coun. | C32: 62269.75 | D32: =C32/12 -> 5189.1458 | E32: ='[1]TRIAL BALANCE'!$N$25 -> 0 | F32: =D32-E32 -> 5189.1458 | G32: ='[1]TRIAL BALANCE'!$N$25+'[1]TRIAL BALANCE'!$O$25 -> 0
A33: 2210908 | B33: Property Valuation Expenses | C33: 20000 | D33: =C33/12 -> 1666.6667 | E33: ='[1]TRIAL BALANCE'!$N$26 -> 0 | F33: =D33-E33 -> 1666.6667 | G33: ='[1]TRIAL BALANCE'!$N$26+'[1]TRIAL BALANCE'!$O$26 -> 8330
A34: 2210909 | B34: Operational Enhancement Expenses | C34: 20000 | D34: =C34/12 -> 1666.6667 | E34: ='[1]TRIAL BALANCE'!$N$27 -> 0 | F34: =D34-E34 -> 1666.6667 | G34: ='[1]TRIAL BALANCE'!$N$27+'[1]TRIAL BALANCE'!$O$27 -> 6450
A35: 2211203 | B35: Emergency Works - Unplanned programs | C35: 80000 | D35: =C35/12 -> 6666.6667 | E35: ='[1]TRIAL BALANCE'!$N$28 -> 1400 | F35: =D35-E35 -> 5266.6667 | G35: ='[1]TRIAL BALANCE'!$N$28+'[1]TRIAL BALANCE'!$O$28 -> 622446
A36: 2211304 | B36: Vehicle Insurance | C36: 20000 | D36: =C36/12 -> 1666.6667 | E36: ='[1]TRIAL BALANCE'!$N$29 -> 200 | F36: =D36-E36 -> 1466.6667 | G36: ='[1]TRIAL BALANCE'!$N$29+'[1]TRIAL BALANCE'!$O$29 -> 4924.61
A37: 2821007 | B37: Court Expenses - Legal Fees | C37: 10000 | D37: =C37/12 -> 833.33333 | E37: ='[1]TRIAL BALANCE'!$N$30 -> 0 | F37: =D37-E37 -> 833.33333 | G37: ='[1]TRIAL BALANCE'!$N$30+'[1]TRIAL BALANCE'!$O$30 -> 0
A38: 2210503 | B38: Fuel Expenses | C38: 5000 | D38: =C38/12 -> 416.66667 | E38: ='[1]TRIAL BALANCE'!$N$31 -> 0 | F38: =D38-E38 -> 416.66667 | G38: ='[1]TRIAL BALANCE'!$N$31+'[1]TRIAL BALANCE'!$O$31 -> 18746
A39: 3112214 | B39: Electrical Equipment | C39: 33000 | D39: =C39/12 -> 2750 | E39: ='[1]TRIAL BALANCE'!$N$32 -> 0 | F39: =D39-E39 -> 2750 | G39: ='[1]TRIAL BALANCE'!$N$32+'[1]TRIAL BALANCE'!$O$32 -> 0
A40: 3112105 | B40: Motor Bike, Bicycles - Procurement | C40: 50000 | D40: =C40/12 -> 4166.6667 | E40: ='[1]TRIAL BALANCE'!$N$33 -> 0 | F40: =D40-E40 -> 4166.6667 | G40: ='[1]TRIAL BALANCE'!$N$33+'[1]TRIAL BALANCE'!$O$33 -> 0
A41: 3112211 | B41: Office Equipment - Procurement | C41: 25000 | D41: =C41/12 -> 2083.3333 | E41: ='[1]TRIAL BALANCE'!$N$34 -> 0 | F41: =D41-E41 -> 2083.3333 | G41: ='[1]TRIAL BALANCE'!$N$34+'[1]TRIAL BALANCE'!$O$34 -> 1700
A42: 3111153 | B42: WIP - Bungalow - Construction of Bungalow | C42: 150000 | D42: =C42/12 -> 12500 | E42: ='[1]TRIAL BALANCE'!$N$35 -> 0 | F42: =D42-E42 -> 12500 | G42: ='[1]TRIAL BALANCE'!$N$35+'[1]TRIAL BALANCE'!$O$35 -> 100000
A43: 3111352 | B43: WIP - Markets - Construction of Market - DDF | C43: 270590.34 | D43: =C43/12 -> 22549.195 | E43: ='[1]TRIAL BALANCE'!$N$36 -> 190534.25 | F43: =D43-E43 -> -167985.05 | G43: ='[1]TRIAL BALANCE'!$N$36+'[1]TRIAL BALANCE'!$O$36 -> 289519.46
A44: 3111103 | B44: Bungalows/Flats - Renovation of Ass. Bungalows | C44: 50000 | D44: =C44/12 -> 4166.6667 | E44: ='[1]TRIAL BALANCE'!$N$37 -> 0 | F44: =D44-E44 -> 4166.6667 | G44: ='[1]TRIAL BALANCE'!$N$37+'[1]TRIAL BALANCE'!$O$37 -> 0
A45: 3111204 | B45: Ofice Buildings - Renovation of Office Building | C45: 30000 | D45: =C45/12 -> 2500 | E45: ='[1]TRIAL BALANCE'!$N$38 -> 0 | F45: =D45-E45 -> 2500 | G45: ='[1]TRIAL BALANCE'!$N$38+'[1]TRIAL BALANCE'!$O$38 -> 0
A46: 3112001 | B46: Motor Vehicles - Maintenace | C46: 80000 | D46: =C46/12 -> 6666.6667 | E46: ='[1]TRIAL BALANCE'!$N$39 -> 26942 | F46: =D46-E46 -> -20275.333 | G46: ='[1]TRIAL BALANCE'!$N$39+'[1]TRIAL BALANCE'!$O$39 -> 98128
A47: 3111365 | B47: WIP - Workshop - Unplanned Projects | C47: 70000 | D47: =C47/12 -> 5833.3333 | E47: ='[1]TRIAL BALANCE'!$N$40 -> 65138 | F47: =D47-E47 -> -59304.667 | G47: ='[1]TRIAL BALANCE'!$N$40+'[1]TRIAL BALANCE'!$O$40 -> 140999
A48: 3113108 | B48: Furniture & Fittings | C48: 30000 | D48: =C48/12 -> 2500 | E48: ='[1]TRIAL BALANCE'!$N$41 -> 0 | F48: =D48-E48 -> 2500 | G48: ='[1]TRIAL BALANCE'!$N$41+'[1]TRIAL BALANCE'!$O$41 -> 0
B50: Sub Sub Total | C50: =SUM(C26:C49) -> 1367534.5 | D50: =SUM(D26:D48) -> 113961.21 | E50: =SUM(E26:E48) -> 363551.61 | F50: =SUM(F26:F48) -> -249590.4 | G50: =SUM(G26:G48) -> 1693624.6
B52: MP's CF
A53: 2821009 | B53: Donations | C53: 70000 | D53: =C53/12 -> 5833.3333 | E53: ='[1]TRIAL BALANCE'!$N$45 -> 0 | F53: =D53-E53 -> 5833.3333 | G53: ='[1]TRIAL BALANCE'!$N$45+'[1]TRIAL BALANCE'!$O$45 -> 35243.5
A54: 2210108 | B54: Construction Material - Self Help Project | C54: 110000 | D54: =C54/12 -> 9166.6667 | E54: ='[1]TRIAL BALANCE'!$N$46 -> 77133.7 | F54: =D54-E54 -> -67967.033 | G54: ='[1]TRIAL BALANCE'!$N$46+'[1]TRIAL BALANCE'!$O$46 -> 325812.78
B56: Sub Sub Total | C56: =SUM(C53:C55) -> 180000 | D56: =SUM(D53:D54) -> 15000 | E56: =SUM(E53:E54) -> 77133.7 | F56: =SUM(F53:F54) -> -62133.7 | G56: =SUM(G53:G54) -> 361056.28
B58: IGF
A59: 2210904 | B59: Substructure Allowances - Sitting Allowance | C59: 15000 | D59: =C59/12 -> 1250 | E59: ='[1]TRIAL BALANCE'!$N$49 -> 0 | F59: =D59-E59 -> 1250 | G59: ='[1]TRIAL BALANCE'!$N$49+'[1]TRIAL BALANCE'!$O$49 -> 10298
A60: 2210907 | B60: Canteen Service | C60: 2000 | D60: =C60/12 -> 166.66667 | E60: ='[1]TRIAL BALANCE'!$N$50 -> 0 | F60: =D60-E60 -> 166.66667 | G60: ='[1]TRIAL BALANCE'!$N$50+'[1]TRIAL BALANCE'!$O$50 -> 500
A61: 2210101 | B61: Printed Material & stationery | C61: 2000 | D61: =C61/12 -> 166.66667 | E61: ='[1]TRIAL BALANCE'!$N$51 -> 0 | F61: =D61-E61 -> 166.66667 | G61: ='[1]TRIAL BALANCE'!$N$51+'[1]TRIAL BALANCE'!$O$51 -> 400
A62: 2210102 | B62: Office Facilities, Suppliers and Accessories | C62: 1000 | D62: =C62/12 -> 83.333333 | E62: ='[1]TRIAL BALANCE'!$N$52 -> 0 | F62: =D62-E62 -> 83.333333 | G62: ='[1]TRIAL BALANCE'!$N$52+'[1]TRIAL BALANCE'!$O$52 -> 3072
A63: 2210103 | B63: Refreshment Items | C63: 2000 | D63: =C63/12 -> 166.66667 | E63: ='[1]TRIAL BALANCE'!$N$53 -> 0 | F63: =D63-E63 -> 166.66667 | G63: ='[1]TRIAL BALANCE'!$N$53+'[1]TRIAL BALANCE'!$O$53 -> 5026
A64: 2210201 | B64: Electrical Charges | C64: 2000 | D64: =C64/12 -> 166.66667 | E64: ='[1]TRIAL BALANCE'!$N$54 -> 0 | F64: =D64-E64 -> 166.66667 | G64: ='[1]TRIAL BALANCE'!$N$54+'[1]TRIAL BALANCE'!$O$54 -> 50
A65: 2210203 | B65: Telecommunications | C65: 800 | D65: =C65/12 -> 66.666667 | E65: ='[1]TRIAL BALANCE'!$N$55 -> 0 | F65: =D65-E65 -> 66.666667 | G65: ='[1]TRIAL BALANCE'!$N$55+'[1]TRIAL BALANCE'!$O$55 -> 1420
A66: 2210404 | B66: Hotel Accommodation | C66: 2000 | D66: =C66/12 -> 166.66667 | E66: ='[1]TRIAL BALANCE'!$N$56 -> 0 | F66: =D66-E66 -> 166.66667 | G66: ='[1]TRIAL BALANCE'!$N$56+'[1]TRIAL BALANCE'!$O$56 -> 2895
A67: 2210502 | B67: Maintenance & Repairs - Official vehicles | C67: 20000 | D67: =C67/12 -> 1666.6667 | E67: ='[1]TRIAL BALANCE'!$N$57 -> 0 | F67: =D67-E67 -> 1666.6667 | G67: ='[1]TRIAL BALANCE'!$N$57+'[1]TRIAL BALANCE'!$O$57 -> 30606.13
A68: 2210503 | B68: Fuel & Lubricants | C68: 10000 | D68: =C68/12 -> 833.33333 | E68: ='[1]TRIAL BALANCE'!$N$58 -> 3750 | F68: =D68-E68 -> -2916.6667 | G68: ='[1]TRIAL BALANCE'!$N$58+'[1]TRIAL BALANCE'!$O$58 -> 7051
A69: 2210510 | B69: Other Night Allowance | C69: 10000 | D69: =C69/12 -> 833.33333 | E69: ='[1]TRIAL BALANCE'!$N$59 -> 0 | F69: =D69-E69 -> 833.33333 | G69: ='[1]TRIAL BALANCE'!$N$59+'[1]TRIAL BALANCE'!$O$59 -> 4020
A70: 2210511 | B70: Local Travel Cost | C70: 12200 | D70: =C70/12 -> 1016.6667 | E70: ='[1]TRIAL BALANCE'!$N$60 -> 2400 | F70: =D70-E70 -> -1383.3333 | G70: ='[1]TRIAL BALANCE'!$N$60+'[1]TRIAL BALANCE'!$O$60 -> 7500
A71: 2210711 | B71: Public Education & Sensitization | C71: 1500 | D71: =C71/12 -> 125 | E71: ='[1]TRIAL BALANCE'!$N$61 -> 0 | F71: =D71-E71 -> 125 | G71: ='[1]TRIAL BALANCE'!$N$61+'[1]TRIAL BALANCE'!$O$61 -> 4434
A72: 2211101 | B72: Bank Charges | C72: 2000 | D72: =C72/12 -> 166.66667 | E72: ='[1]TRIAL BALANCE'!$N$62 -> 0 | F72: =D72-E72 -> 166.66667 | G72: ='[1]TRIAL BALANCE'!$N$62+'[1]TRIAL BALANCE'!$O$62 -> 1133.02
A73: 2821007 | B73: Court Expenses | C73: 500 | D73: =C73/12 -> 41.666667 | E73: ='[1]TRIAL BALANCE'!$N$63 -> 0 | F73: =D73-E73 -> 41.666667 | G73: ='[1]TRIAL BALANCE'!$N$63+'[1]TRIAL BALANCE'!$O$63 -> 0
A74: 2821009 | B74: Donations | C74: 3633.48 | D74: =C74/12 -> 302.79 | E74: ='[1]TRIAL BALANCE'!$N$64 -> 0 | F74: =D74-E74 -> 302.79 | G74: ='[1]TRIAL BALANCE'!$N$64+'[1]TRIAL BALANCE'!$O$64 -> 3250
A75: 2821010 | B75: Contributions | C75: 5000 | D75: =C75/12 -> 416.66667 | E75: ='[1]TRIAL BALANCE'!$N$65 -> 0 | F75: =D75-E75 -> 416.66667 | G75: ='[1]TRIAL BALANCE'!$N$65+'[1]TRIAL BALANCE'!$O$65 -> 8457
B77: Sub Sub Total | C77: =SUM(C59:C75) -> 91633.48 | D77: =SUM(D59:D75) -> 7636.1233 | E77: =SUM(E59:E75) -> 6150 | F77: =SUM(F59:F75) -> 1486.1233 | G77: =SUM(G59:G75) -> 90112.15
B79: SUB TOTAL | C79: =C14+C23+C50+C56+C77 -> 2442944.6 | D79: =D14+D23+D50+D56+D77 -> 203578.72 | E79: =E14+E23+E50+E56+E77 -> 487113.13 | F79: =F14+F23+F50+F56+F77 -> -283534.41 | G79: =G14+G23+G50+G56+G77 -> 2756773.6
A81: CODE | B81: SUB HEAD | C81: ANNUAL | D81: MONTHLY | E81: MONTHLY | F81: MONTHLY | G81: ACCUMMULATED
C82: ESTIMATES | D82: BUDGET | E82: ACTUAL | F82: VARIANCE | G82: TOTAL
B83: Finance
B84: GoG
A85: 2111001 | B85: Established Post | C85: 40662 | D85: =C85/12 -> 3388.5 | E85: ='[1]TRIAL BALANCE'!$N$71 -> 0 | F85: =D85-E85 -> 3388.5 | G85: ='[1]TRIAL BALANCE'!$N$71+'[1]TRIAL BALANCE'!$O$71 -> 909.7
B87: Sub Sub Total | C87: =SUM(C85) -> 40662 | D87: =SUM(D85) -> 3388.5 | E87: =SUM(E85) -> 0 | F87: =SUM(F85) -> 3388.5 | G87: =SUM(G85) -> 909.7
B89: IGF
A90: 2111234 | B90: Fuel Allowance | C90: 1000 | D90: =C90/12 -> 83.333333 | E90: ='[1]TRIAL BALANCE'!$N$74 -> 0 | F90: =D90-E90 -> 83.333333 | G90: ='[1]TRIAL BALANCE'!$N$74+'[1]TRIAL BALANCE'!$O$74 -> 0
A91: 2210122 | B91: Value Books | C91: 5000 | D91: =C91/12 -> 416.66667 | E91: ='[1]TRIAL BALANCE'!$N$75 -> 0 | F91: =D91-E91 -> 416.66667 | G91: ='[1]TRIAL BALANCE'!$N$75+'[1]TRIAL BALANCE'!$O$75 -> 0
A92: 2210510 | B92: Night All. | C92: 1500 | D92: =C92/12 -> 125 | E92: ='[1]TRIAL BALANCE'!$N$76 -> 0 | F92: =D92-E92 -> 125 | G92: ='[1]TRIAL BALANCE'!$N$76+'[1]TRIAL BALANCE'!$O$76 -> 0
A93: 2210511 | B93: Local Travel Cost | C93: 500 | D93: =C93/12 -> 41.666667 | E93: ='[1]TRIAL BALANCE'!$N$77 -> 0 | F93: =D93-E93 -> 41.666667 | G93: ='[1]TRIAL BALANCE'!$N$77+'[1]TRIAL BALANCE'!$O$77 -> 2115
A94: 2210112 | B94: Uniform & Protective Clothing | C94: 2000 | D94: =C94/12 -> 166.66667 | E94: ='[1]TRIAL BALANCE'!$N$78 -> 0 | F94: =D94-E94 -> 166.66667 | G94: ='[1]TRIAL BALANCE'!$N$78+'[1]TRIAL BALANCE'!$O$78 -> 0
A95: 2210801 | B95: Local Consultancy Fees | C95: 12000 | D95: =C95/12 -> 1000 | E95: ='[1]TRIAL BALANCE'!$N$79 -> 0 | F95: =D95-E95 -> 1000 | G95: ='[1]TRIAL BALANCE'!$N$79+'[1]TRIAL BALANCE'!$O$79 -> 6162.36
B97: Sub Sub Total | C97: =SUM(C90:C95) -> 22000 | D97: =SUM(D90:D95) -> 1833.3333 | E97: =SUM(E90:E95) -> 0 | F97: =SUM(F90:F95) -> 1833.3333 | G97: =SUM(G90:G95) -> 8277.36
B99: DACF
A100: 2210711 | B100: Public Education & Sensitization | C100: 10000 | D100: =C100/12 -> 833.33333 | E100: ='[1]TRIAL BALANCE'!$N$82 -> 0 | F100: =D100-E100 -> 833.33333 | G100: ='[1]TRIAL BALANCE'!$N$82+'[1]TRIAL BALANCE'!$O$82 -> 2500
A101: 2210706 | B101: Library & Subscription | C101: 10000 | D101: =C101/12 -> 833.33333 | E101: ='[1]TRIAL BALANCE'!$N$83 -> 0 | F101: =D101-E101 -> 833.33333 | G101: ='[1]TRIAL BALANCE'!$N$83+'[1]TRIAL BALANCE'!$O$83 -> 0
A102: 2210511 | B102: Local Travel Cost | C102: 20000 | D102: =C102/12 -> 1666.6667 | E102: ='[1]TRIAL BALANCE'!$N$84 -> 0 | F102: =D102-E102 -> 1666.6667 | G102: ='[1]TRIAL BALANCE'!$N$84+'[1]TRIAL BALANCE'!$O$84 -> 0
A103: 2210101 | B103: Printed Material &Stationery | C103: 5000 | D103: =C103/12 -> 416.66667 | E103: ='[1]TRIAL BALANCE'!$N$85 -> 0 | F103: =D103-E103 -> 416.66667 | G103: ='[1]TRIAL BALANCE'!$N$85+'[1]TRIAL BALANCE'!$O$85 -> 7760
B105: Sub Sub Total | C105: =SUM(C100:C103) -> 45000 | D105: =SUM(D100:D103) -> 3750 | E105: =SUM(E100:E103) -> 0 | F105: =SUM(F100:F103) -> 3750 | G105: =SUM(G100:G103) -> 10260
B107: SUB TOTAL | C107: =C87+C97+C105 -> 107662 | D107: =D87+D97+D105 -> 8971.8333 | E107: =E87+E97+E105 -> 0 | F107: =F87+F97+F105 -> 8971.8333 | G107: =G87+G97+G105 -> 19447.06
B109: SUB HEAD | C109: ANNUAL | D109: MONTHLY | E109: MONTHLY | F109: MONTHLY | G109: ACCUMMULATED
A110: CODE | C110: ESTIMATES | D110: BUDGET | E110: ACTUAL | F110: VARIANCE | G110: TOTAL
B111: Planning, Budgeting & Coordination
B112: GoG
A113: 2111001 | B113: Established Post | C113: 88463.1 | D113: =C113/12 -> 7371.925 | E113: ='[1]TRIAL BALANCE'!$N$91 -> 4636.5 | F113: =D113-E113 -> 2735.425 | G113: ='[1]TRIAL BALANCE'!$N$91+'[1]TRIAL BALANCE'!$O$91 -> 56741.99
B115: Sub Sub Total | C115: =SUM(C113) -> 88463.1 | D115: =SUM(D113) -> 7371.925 | E115: =SUM(E113) -> 4636.5 | F115: =SUM(F113) -> 2735.425 | G115: =SUM(G113) -> 56741.99
B117: DACF
A118: 2210709 | B118: Seminars/Conferences/Workshops | C118: 20000 | D118: =C118/12 -> 1666.6667 | E118: ='[1]TRIAL BALANCE'!$N$94 -> 0 | F118: =D118-E118 -> 1666.6667 | G118: ='[1]TRIAL BALANCE'!$N$94+'[1]TRIAL BALANCE'!$O$94 -> 37198
A119: 2210511 | B119: Local Travel Cost | C119: 30000 | D119: =C119/12 -> 2500 | E119: ='[1]TRIAL BALANCE'!$N$95 -> 0 | F119: =D119-E119 -> 2500 | G119: ='[1]TRIAL BALANCE'!$N$95+'[1]TRIAL BALANCE'!$O$95 -> 2460
B121: Sub Sub Total | C121: =SUM(C118:C119) -> 50000 | D121: =SUM(D118:D119) -> 4166.6667 | E121: =SUM(E118:E119) -> 0 | F121: =SUM(F118:F119) -> 4166.6667 | G121: =SUM(G118:G119) -> 39658
B123: SUB TOTAL | C123: =C115+C121 -> 138463.1 | D123: =D115+D121 -> 11538.592 | E123: =E115+E121 -> 4636.5 | F123: =F115+F121 -> 6902.0917 | G123: =G115+G121 -> 96399.99
B125: SUB HEAD | C125: ANNUAL | D125: MONTHLY | E125: MONTHLY | F125: MONTHLY | G125: ACCUMMULATED
A126: CODE | C126: ESTIMATES | D126: BUDGET | E126: ACTUAL | F126: VARIANCE | G126: TOTAL
...

Sheet BELOW THE LINE
A1: BOSOME FREHO DISTRICT ASEMBLY, ASIWA-ASHANTI REGION
A2: BELOW THE LINE ACCOUNTS
A3: ='[3]TRIAL BALANCE'!$F$130 -> AS AT JULY 31, 2 0 1 9
A5: Total Expenditure | B5: ='REV. & EXP.'!H31 -> 6017507.1 | E5: Total Revenue | F5: ='REV. & EXP.'!H18 -> 6636989.3
A9: Infrasture Plants & Equipment (SCH A) | B9: =SCHEDULES!D6 -> 0 | E9: Creditors (SCH F) | F9: =SCHEDULES!D44 -> 0
A10: Work-In-Progress (SCH A) | B10: ='BALANCE SHEET'!D10 -> 528740.17 | E10: With - Holding Tax (5%) (SCH G) | F10: =SCHEDULES!D48 -> 0
A11: Investment (SCH A) | B11: 0 | E11: Deposit (SCH F) | F11: =SCHEDULES!D45 -> 0
A12: Stock (SCH D) | B12: =SCHEDULES!D35 -> 0 | E12: Poverty Alleviation fund (SCH A) | F12: =SCHEDULES!D8 -> 0
A13: Debtors (SCH D) | B13: =SCHEDULES!D36 -> 0 | E13: Retention (SCH f) | F13: =SCHEDULES!D43 -> 0
A14: Advances (SCH D) | B14: =SCHEDULES!D44 -> 0 | E14: Accumullated surplus (SCH H) | F14: =SCHEDULES!D32-'REC. & PAY'!F33 -> 885874.94
A15: Cash at Bank (SCH C) | B15: =SCHEDULES!D30 -> 663550.37
A16: Cash at Hank (SCH B) | B16: =SCHEDULES!D12 -> 0
A17: Imprest (SCH E) | B17: =SCHEDULES!D40 -> 0
A21: TOTAL | B21: =SUM(B5:B17) -> 7209797.7 | E21: TOTAL | F21: =SUM(F5:F20) -> 7522864.2
C24: DIFF. | E24: =B21-F21 -> -313066.57

Sheet BALANCE SHEET
A1: BOSOME FREHO DISTRICT ASSEMBLY, ASIWA-ASHANTI
A2: STATEMENT OF FINANCIAL POSITION
A3: ='[1]TRIAL BALANCE'!$F$130 -> AS AT DECEMBER 31, 2 0 1 9
D5: CURRENTS | E5: PREVIOUS
D7: GH₵ | E7: GH₵
A8: FIXED ASSETS
A9: Infrasture plans & Equipment | C9: =D9-E9 -> 0 | D9: 0 | E9: 0
A10: Work-In-progress | C10: =D10-E10 -> 528740.17 | D10: 528740.17 | E10: 0
A11: Investment | C11: =D11-E11 -> 0 | D11: =SCHEDULES!D9 -> 0 | E11: 0
A12: TOTAL FIXED ASSET | C12: =SUM(C9:C11) -> 528740.17 | D12: =SUM(D9:D11) -> 528740.17 | E12: =SUM(E9:E11) -> 0
A14: CURRENT ASSETS:
A15: Advance | C15: =D15-E15 -> 0 | D15: =SCHEDULES!D37 -> 0 | E15: 0
A16: Imprest | C16: =D16-E16 -> 0 | D16: =SCHEDULES!D40 -> 0 | E16: 0
A17: Cash In Hand | C17: =D17-E17 -> 0 | D17: =SCHEDULES!D12 -> 0 | E17: 0
A18: Cash at Bank | C18: =D18-E18 -> -205712.21 | D18: =SCHEDULES!D30 -> 663550.37 | E18: 869262.58
A19: TOTAL CURRENT ASSETS | C19: =SUM(C15:C18) -> -205712.21 | D19: =SUM(D15:D18) -> 663550.37 | E19: =SUM(E15:E18) -> 869262.58
A21: TOTAL ASSETS | D21: =D12+D19 -> 1192290.5
A23: LIABILITIES:
A24: CURRENT
A25: Retention | C25: 0 | D25: =SCHEDULES!D43 -> 0 | E25: 0
A26: Goods and Services | C26: =D26-E26 -> 112352.01 | D26: 112352.01 | E26: 0
A27: TOTAL CURRENT LIABILITIES | C27: =SUM(C25:C26) -> 112352.01 | D27: =SUM(D25:D26) -> 112352.01 | E27: =SUM(E25:E26) -> 0
A29: LONG TERM
A30: Work in Progress | D30: 528740.17
A32: TOTAL LIABILITIES | D32: =D27+D30 -> 641092.18
A34: TOTAL NET ASSETS | C34: =D34-E34 -> -318064.22 | D34: =D21-D32 -> 551198.36 | E34: =(E12+E19)-E27 -> 869262.58
A36: SURPLUS/DEFICITS | C36: =D36-E36 -> -446389.57 | D36: =C34 -> -318064.22 | E36: 128325.35
A37: PREVIOUS NET ASSET | C37: =D37-E37 -> 128325.35 | D37: =E38 -> 869262.58 | E37: 740937.23
A38: NET WORTH | C38: =D38-E38 -> -205712.21 | D38: =D36+D37+112352.01 -> 663550.37 | E38: =E34 -> 869262.58
A43: DFF | D43: =D34-D38 -> -112352.01

Sheet CASH FLOW
A1: BOSOME FREHO DISTRICT ASSEMBLY, ASIWA-ASHANTI
A2: STATEMENT OF CASH FLOW FOR THE MONTH ENDED
A3: ='[1]TRIAL BALANCE'!$F$130 -> AS AT DECEMBER 31, 2 0 1 9
A5: CASH FLOW FROM OPERATING ACTIVITIES | B5: NOTES | C5: CHANGE | D5: CURRENT | E5: PREVIOUS
B6: GH₵ | C6: GH₵ | D6: GH₵ | E6: GH₵
A7: Cash Receipt From Operating Activities
A8: Grants | B8: 7 | C8: =D8-E8 -> -150786.81 | D8: ='MAIN SUM CRED'!E10 -> 419367.44 | E8: 570154.25
A9: Other Revenue | B9: 2-6,8-9 | C9: =D9-E9 -> -17163.82 | D9: ='MAIN SUM CRED'!E9+'MAIN SUM CRED'!E11 -> 15335.5 | E9: 32499.32
A10: Other Receipts/ Recoveries | B10: 9a | C10: =D10-E10 -> 0 | D10: 0
C11: =SUM(C8:C10) -> -167950.63 | D11: =SUM(D8:D10) -> 434702.94 | E11: =SUM(E8:E10) -> 602653.57
A12: Cash Payments From Operating Activities
A13: Compensation of Employees | B13: 10 | C13: =D13-E13 -> -7678.52 | D13: ='MAIN SUM. EXP.'!E9 -> 105052.62 | E13: 112731.14
A14: Goods and Services | B14: 11 | C14: =D14-E14 -> 74109.27 | D14: ='MAIN SUM. EXP.'!E10 -> 323622.2 | E14: 249512.93
A15: Consumption of Fixed Capital (GFS) | B15: 13 | C15: =D15-E15 -> 0 | D15: ='MAIN SUM. EXP.'!E12 -> 0
A16: Interest (GFS) | B16: 14 | C16: =D16-E16 -> 0 | D16: ='MAIN SUM. EXP.'!E13 -> 0 | E16: 0
A17: Social Benefits (GFS) | B17: 15 | C17: =D17-E17 -> 0 | D17: ='MAIN SUM. EXP.'!E14 -> 0 | E17: 0
A18: Other Expenses | B18: 16 | C18: =D18-E18 -> -45 | D18: ='MAIN SUM. EXP.'!E15 -> 0 | E18: 45
A19: Fixed Assets (Non-Financial) | B19: 16b | C19: =D19-E19 -> -133479 | D19: ='MAIN SUM. EXP.'!E16 -> 7820 | E19: 141299
A20: Work-In-Progress | C20: =D20-E20 -> 210532.69 | D20: ='MAIN SUM. EXP.'!E17 -> 220532.69 | E20: 10000
C21: =D21-E21 -> 143439.44 | D21: =SUM(D13:D20) -> 657027.51 | E21: =SUM(E13:E20) -> 513588.07
A22: Net Cash Flow From Operating Expenses | C22: =C11-C21 -> -311390.07 | D22: =D11-D21 -> -222324.57 | E22: =E11-E21 -> 89065.5
A24: CASH FLOW FROM INVESTING ACTIVITIES
A25: Purchase / Granting of Non- Financial Assets
A26: Non-Financial Assets | B26: 17 | C26: =D26-E26 -> 0 | E26: 0
A27: Inventory | B27: 17a | C27: =D27-E27 -> 0 | D27: 0 | E27: 0
A28: Work-In-Progress | B28: 18 | C28: =D28-E28 -> 0 | D28: 0 | E28: 0
A29: Cash Outflow From Investing In Non-Financial Assets | C29: =SUM(C26:C28) -> 0 | D29: =SUM(D26:D28) -> 0 | E29: =SUM(E26:E28) -> 0
A31: Sale / Recovery of Non-Financial Assets
A32: Non - Financial Assets | B32: 9b | C32: =D32-E32 -> 0 | D32: 0 | E32: 0
A33: Inventory | B33: 9c | C33: =D33-E33 -> 0 | D33: 0 | E33: 0
A34: Work- In- Progress | B34: 9d | C34: =D34-E34 -> 0 | D34: 0 | E34: 0
A35: Cash Inflow Sale Of Non- Financial Assets | C35: =SUM(C32:C34) -> 0 | D35: =SUM(D32:D34) -> 0 | E35: 0
A36: Net Cash Flow From Investment In Financial Assets | C36: =C29-C35 -> 0 | D36: =D29-D35 -> 0 | E36: 0
A38: NET CHANGE IN STOCK OF CASH | C38: =C36+C22 -> -311390.07 | D38: =D36+D22 -> -222324.57 | E38: =E36+E22 -> 89065.5
A39: Cash and Cash Equivalent @ Beginning | C39: =D39-E39 -> 89065.5 | D39: =SCHEDULES!D13 -> 869262.58 | E39: 780197.08
A40: cash and cash equivalent @ close | C40: =D40-E40 -> -205712.21 | D40: =D38+D39+16612.36 -> 663550.37 | E40: =E38+E39 -> 869262.58

Sheet Sheet1
A1: NOTES TO THE ACCOUNTS
A3: NOTE 1 OTHER REVENUE
